Workbook

Sheet РАсчеты
C6: ПП № | D6: Наименование | E6: Единица измерения | F6: Количество, шт. | G6: Дата постановки на баланс / Дата приобретения | H6: Первоначальная стоимость, руб. | I6: Техническое состояние | J6: Цена предложения, руб. с НДС | K6: Цена предложения, руб. без НДС | L6: Источник информации | M6: Год | N6: Индекс изменения цены | O6: Стоимость замещения, руб. с НДС (без учета износа) | P6: Стоимость замещения, руб. с НДС (без учета износа), с учетом количества | Q6: Физический износ, % | R6: Переход на вторичный рынок | S6: Рыночная стоимость с учетом износа, руб. с НДС и перехода на вторичный рынок | T6: Рыночная стоимость с учетом износа, руб. без НДС и перехода на вторичный рынок
C7: 1 | D7: busconnector 6ES7 972-0BA12-0XA0 | E7: м | F7: 2 | H7: 1824.06 | I7: Хорошее | J7: =K7*1.2 -> 6697.848 | K7: 5581.54 | L7: https://www.leyrus.ru/catalog/drugie-moduli-siemens/soedinitel_siemens_6es7972_0ba12_0xa0_6es79720ba120xa0_simatic_dp_dlya_podklyucheniya_k_profi/?yclid=5728925685812297727 | O7: =J7 -> 6697.848 | P7: =O7*F7 -> 13395.696 | Q7: 0.2 | R7: 0.147 | S7: =ROUND(P7*(1-Q7)*(1-R7),0) -> 9141 | T7: =S7/1.2 -> 7617.5
C8: 2 | D8: Control panel LCP 102 130B1107 | E8: м | F8: 1 | G8: 02.02.2022 | H8: 1251.04 | I8: Хорошее | J8: 14543 | L8: https://www.holod-tk.ru/katalog/kontrolerry/optsii_i_komplektuyushchie_k_kontrolleram/130b1107_vlt_panell_lcp_102/#desc | O8: =J8 -> 14543 | P8: =O8*F8 -> 14543 | Q8: 0.2 | R8: 0.147 | S8: =ROUND(P8*(1-Q8)*(1-R8),0) -> 9924 | T8: =S8/1.2 -> 8270
C9: 3 | D9: danfoss ip20 to Nema 1 Conversion Kit, M4 (132B0120) | E9: шт | F9: 2 | G9: 02.02.2022 | H9: 1135.6 | I9: Хорошее | J9: 1707 | L9: https://www.kondicioner.pro/collection/oborudovanie-avtomatiki/product/komplekt-danfoss-nema1-m4-132b0120 | O9: =J9 -> 1707 | P9: =O9*F9 -> 3414 | Q9: 0.2 | R9: 0.147 | S9: =ROUND(P9*(1-Q9)*(1-R9),0) -> 2330 | T9: =S9/1.2 -> 1941.6667
C10: 4 | D10: DKC ZHD441GR 2,5мм2 клеммный зажим двухуровневый под предохр. Серый | E10: шт | F10: 37 | G10: 02.02.2022 | H10: 8676.5 | I10: Хорошее | J10: 266.1 | L10: https://www.dkcmarket.ru/zhd441gr.html | O10: =J10 -> 266.1 | P10: =O10*F10 -> 9845.7 | Q10: 0.2 | R10: 0.147 | S10: =ROUND(P10*(1-Q10)*(1-R10),0) -> 6719 | T10: =S10/1.2 -> 5599.1667
C11: 5 | D11: DRAIN MASTER 150 (DM150CA) | E11: шт | F11: 2 | G11: 02.02.2022 | H11: 650 | I11: Хорошее | J11: 4669 | L11: https://kv-energy.ru/catalog/zapchasti_i_raskhodnye_materialy/filtry_i_filtruyushchie_elementy/1321114252/ | O11: =J11 -> 4669 | P11: =O11*F11 -> 9338 | Q11: 0.2 | R11: 0.147 | S11: =ROUND(P11*(1-Q11)*(1-R11),0) -> 6372 | T11: =S11/1.2 -> 5310
C12: 6 | D12: finder 06072 | E12: шт | F12: 3 | G12: 02.02.2022 | H12: 2694 | I12: Хорошее | J12: 686.76 | L12: https://finder-relay.ru/katalog/products/silovye-rele/-60-serija-universalnye-rele-6/-06072-06072-markirovochnaja-plastina-dlja | O12: =J12 -> 686.76 | P12: =O12*F12 -> 2060.28 | Q12: 0.2 | R12: 0.147 | S12: =ROUND(P12*(1-Q12)*(1-R12),0) -> 1406 | T12: =S12/1.2 -> 1171.6667
C13: 7 | D13: finder 95.05 розетка под реле | E13: шт | F13: 15 | G13: 02.02.2022 | H13: 2032 | I13: Хорошее | J13: 382.32 | L13: https://finder-relay.ru/katalog/products/promezhutochnye-rele/-40-serija-miniatjurnye-pcb-rele/-95-serija-rozetki-i-aksessuary/-9505-rozetka-dlja-rele-serii | O13: =J13 -> 382.32 | P13: =O13*F13 -> 5734.8 | Q13: 0.2 | R13: 0.147 | S13: =ROUND(P13*(1-Q13)*(1-R13),0) -> 3913 | T13: =S13/1.2 -> 3260.8333
C14: 8 | D14: FINDER держатель реле 93.01.7.024 | E14: шт | F14: 2 | G14: 02.02.2022 | H14: 618 | I14: Хорошее | J14: 587.64 | L14: https://finder-relay.ru/katalog/products/rozetki-i-moduli/-93-serija-rozetki-i-aksessuary/-93017024-rozetka-dlja-rele-3451 | O14: =J14 -> 587.64 | P14: =O14*F14 -> 1175.28 | Q14: 0.2 | R14: 0.147 | S14: =ROUND(P14*(1-Q14)*(1-R14),0) -> 802 | T14: =S14/1.2 -> 668.33333
C15: 9 | D15: FINDER реле 34.51.7.024.0010 | E15: шт | F15: 1 | G15: 02.02.2022 | H15: 211 | I15: Хорошее | J15: 414.18 | L15: https://finder-relay.ru/katalog/products/promezhutochnye-rele/-34-serija-ultratonkie-kontaktnye-i/-345170240010-rele-s-1-perekidnym | O15: =J15 -> 414.18 | P15: =O15*F15 -> 414.18 | Q15: 0.2 | R15: 0.147 | S15: =ROUND(P15*(1-Q15)*(1-R15),0) -> 283 | T15: =S15/1.2 -> 235.83333
C16: 10 | D16: FINDER реле 34.81.7.024.8240 | E16: шт | F16: 1 | G16: 02.02.2022 | H16: 901 | I16: Хорошее | J16: 1624.86 | L16: https://finder-relay.ru/katalog/products/promezhutochnye-rele/-34-serija-ultratonkie-kontaktnye-i/-348170248240-tverdotelnoe-rele-dlja-montazha | O16: =J16 -> 1624.86 | P16: =O16*F16 -> 1624.86 | Q16: 0.2 | R16: 0.147 | S16: =ROUND(P16*(1-Q16)*(1-R16),0) -> 1109 | T16: =S16/1.2 -> 924.16667
C17: 11 | D17: Klemsan клемма 2,5мм2 серый AVK 2,5 на din рейку | E17: шт | F17: 20 | G17: 02.02.2022 | H17: 2289.8 | I17: Хорошее | J17: 89.34 | L17: https://euro-avtomatika.ru/product/klemsan-304120-klemmnik-na-din-reyku-2-5mm-kv-seryy-avk2-5/ | O17: =J17 -> 89.34 | P17: =O17*F17 -> 1786.8 | Q17: 0.2 | R17: 0.147 | S17: =ROUND(P17*(1-Q17)*(1-R17),0) -> 1219 | T17: =S17/1.2 -> 1015.8333
C18: 12 | D18: Klemsan клемма 6мм2 держ. предохрсерый ASK 2 S (351109) на din рейку | E18: шт | F18: 42 | G18: 02.02.2022 | H18: 17434.62 | I18: Хорошее | J18: 342 | L18: https://www.skm-electro.ru/klemmnik-s-derj-predohr--5x20-5x25-na-din-rejku-6-mm-kv--seryj--ask-2s?https://skm-electro.ru/?utm_source=yandex&utm_medium=cpc&utm_term=351109&yclid=13126911601254072319 | O18: =J18 -> 342 | P18: =O18*F18 -> 14364 | Q18: 0.2 | R18: 0.147 | S18: =ROUND(P18*(1-Q18)*(1-R18),0) -> 9802 | T18: =S18/1.2 -> 8168.3333
C19: 13 | D19: LEGRAND крепеж 421081 | E19: шт | F19: 7 | G19: 02.02.2022 | H19: 3178 | I19: Хорошее | J19: 1052 | L19: https://www.legrand-russia.ru/product/131201 | O19: =J19 -> 1052 | P19: =O19*F19 -> 7364 | Q19: 0.2 | R19: 0.147 | S19: =ROUND(P19*(1-Q19)*(1-R19),0) -> 5025 | T19: =S19/1.2 -> 4187.5
... C26: 20 | D26: phoenix contact UKH150 клемма серая 150мм2 (3010110) | E26: шт | F26: 12 | G26: 02.02.2022 | H26: 728.16 | I26: Хорошее | J26: 3299 | L26: https://www.ozon.ru/product/3010110-klemma-dlya-vysokogo-toka-ukh-150-seraya-phoenix-contact-688320539/?utm_medium=organic&utm_referrer=https%3A%2F%2Fyandex.ru%2Fproducts%2Fsearch%3Ftext%3D%25D0%259A%25D0%25BB%25D0%25B5%25D0%25BC%25D0%25BC%25D0%25B0%2520%25D0%25B4%25D0%25BB%25D1%258F%2520%25D0%25B2%25D1%258B%25D1%2581%25D0%25BE%25D0%25BA%25D0%25BE%25D0%25B3%25D0%25BE%2520%25D1%2582%25D0%25BE%25D0%25BA%25D0%25B0%2520UKH%2520150%25203010110%2520%25D0%25BE%25D1%2582%2520Phoenix%2520Contact&utm_source=yandex_serp_products&sh=k6SLyE5YZQ | O26: =J26 -> 3299 | P26: =O26*F26 -> 39588 | Q26: 0.2 | R26: 0.147 | S26: =ROUND(P26*(1-Q26)*(1-R26),0) -> 27015 | T26: =S26/1.2 -> 22512.5
C27: 21 | D27: Schneider RSLZVA1 держатель реле | E27: шт | F27: 4 | G27: 02.02.2022 | H27: 334.24 | I27: Хорошее | J27: =K27*1.2 -> 775.2 | K27: 646 | L27: https://schneider-russia.com/silovoe-oborudovanie/puskoreguliruyushchaya-apparatura/aksessuary/rozetka-1224v-acdc-dlya-rsl1b4jbd-rslzva1 | M27: 2022 | O27: =J27 -> 775.2 | P27: =O27*F27 -> 3100.8 | Q27: 0.2 | R27: 0.147 | S27: =ROUND(P27*(1-Q27)*(1-R27),0) -> 2116 | T27: =S27/1.2 -> 1763.3333
C28: 22 | D28: Siemens 3TF30 10-0X 24V контактор | E28: шт | F28: 34 | G28: 02.02.2022 | H28: 8570.04 | I28: Хорошее | J28: 4811 | L28: https://shopozz.ru/items/163134222646-one-new--3tf30-siemens-ac-contactor-3tf3010-0x-ac220v-10e | O28: =J28 -> 4811 | P28: =O28*F28 -> 163574 | Q28: 0.2 | R28: 0.147 | S28: =ROUND(P28*(1-Q28)*(1-R28),0) -> 111623 | T28: =S28/1.2 -> 93019.167
C29: 23 | D29: Siemens 3TF40 11-0XM0 220V контактор | E29: шт | F29: 2 | G29: 02.02.2022 | H29: 40982.9 | I29: Хорошее | J29: 1739 | L29: https://nazya.com/product/rele-elektromagnitnoe-podlinnaya-3tf40-simenssuchzhoukontaktor-ac-3tf4010-0h-220v-10e-siemens-3tf4010-0x-ac220v-10e_37352936453.html | O29: =J29 -> 1739 | P29: =O29*F29 -> 3478 | Q29: 0.2 | R29: 0.147 | S29: =ROUND(P29*(1-Q29)*(1-R29),0) -> 2373 | T29: =S29/1.2 -> 1977.5
C30: 24 | D30: Siemens 3TF56 22-0XB0 24V контактор | E30: шт | F30: 1 | G30: 02.02.2022 | H30: 11878 | I30: Хорошее | J30: 14026.32 | L30: https://center-control.ru/product/nofuel-siemens-3tf56 | O30: =J30 -> 14026.32 | P30: =O30*F30 -> 14026.32 | Q30: 0.2 | R30: 0.147 | S30: =ROUND(P30*(1-Q30)*(1-R30),0) -> 9572 | T30: =S30/1.2 -> 7976.6667
C31: 25 | D31: Siemens 3UA50 40-1G 6,3-10A тепловое реле | E31: шт | F31: 4 | G31: 02.02.2022 | H31: 1346 | I31: Хорошее | J31: 563 | L31: https://nazya.com/product/termorele-butik-teplovoe-rele-3ua50-40-1dzh-63-10a-siemens-40-1j-63-10a_10139345358.html | O31: =J31 -> 563 | P31: =O31*F31 -> 2252 | Q31: 0.2 | R31: 0.147 | S31: =ROUND(P31*(1-Q31)*(1-R31),0) -> 1537 | T31: =S31/1.2 -> 1280.8333
C32: 26 | D32: weidmuller WEW 35/2 ограничитель на din рейку | E32: шт | F32: 69 | G32: 02.02.2022 | H32: 1208.97 | I32: Хорошее | J32: 460 | L32: https://www.chipdip.ru/product0/8021539575 | O32: =J32 -> 460 | P32: =O32*F32 -> 31740 | Q32: 0.2 | R32: 0.147 | S32: =ROUND(P32*(1-Q32)*(1-R32),0) -> 21659 | T32: =S32/1.2 -> 18049.167
C33: 27 | D33: WIELAND Z741500100 | E33: шт | F33: 1 | G33: 02.02.2022 | H33: 74 | I33: Хорошее | J33: 6826.34 | L33: https://triema.su/shop/products/view/10730823 | O33: =J33 -> 6826.34 | P33: =O33*F33 -> 6826.34 | Q33: 0.2 | R33: 0.147 | S33: =ROUND(P33*(1-Q33)*(1-R33),0) -> 4658 | T33: =S33/1.2 -> 3881.6667
C34: 28 | D34: wieland держатель предохранителя THIS 5x20 (Z1.298.1053.0) | E34: шт | F34: 100 | G34: 02.02.2022 | H34: 551250 | I34: Хорошее | J34: 340 | L34: https://www.chipdip.ru/product1/8002850299 | O34: =J34 -> 340 | P34: =O34*F34 -> 34000 | Q34: 0.2 | R34: 0.147 | S34: =ROUND(P34*(1-Q34)*(1-R34),0) -> 23202 | T34: =S34/1.2 -> 19335
C35: 29 | D35: wieland торцевой фиксатор на din рейку (Z5.522.8553.0) | E35: шт | F35: 100 | G35: 02.02.2022 | H35: 1220 | I35: Хорошее | J35: 170 | L35: https://www.chipdip.ru/product/z5.522.8553.0 | O35: =J35 -> 170 | P35: =O35*F35 -> 17000 | Q35: 0.2 | R35: 0.147 | S35: =ROUND(P35*(1-Q35)*(1-R35),0) -> 11601 | T35: =S35/1.2 -> 9667.5
C36: 30 | D36: Авт. выкл. DEKRAFT 3Р 6А С | E36: шт | F36: 1 | G36: 02.02.2022 | H36: 1328.65 | I36: Хорошее | J36: 665 | L36: https://доммечты.рф/vyklyuchatel_avtomaticheskiy_modulnyy/vyklyuchatel_avtomaticheskiy_modulnyy_3p_c_6a_4_5ka_va_101_sche_11076dek.html?utm_referrer=https%3A%2F%2Fyandex.ru%2Fproducts%2Fsearch%3Ftext%3D%25D0%2590%25D0%25B2%25D1%2582.%2520%25D0%25B2%25D1%258B%25D0%25BA%25D0%25BB.%2520DEKRAFT%25203%25D0%25A0%25206%25D0%2590%2520%25D0%25A1 | O36: =J36 -> 665 | P36: =O36*F36 -> 665 | Q36: 0.2 | R36: 0.147 | S36: =ROUND(P36*(1-Q36)*(1-R36),0) -> 454 | T36: =S36/1.2 -> 378.33333
C37: 31 | D37: Авт. выкл. IC60N 3П D32A | E37: шт | F37: 2 | G37: 02.02.2022 | H37: 3684.51 | I37: Хорошее | J37: 4725 | L37: https://market.yandex.ru/product--avtomaticheskii-vykliuchatel-schneider-electric-acti-9-ic60n-d-6ka/1868463855?glfilter=27142750%3A28737595_101353756751&glfilter=14805873%3A14805873_Other_101353756751&text=ic60n%203p%2032a%20d%20schneider%20electric&cpc=DPxS-nxtYm0_i-ghGc95-SVrfOlmXWliL16WMeYCcMJQEcwIf2Um_fJq5yDJPjUnjeRWB5TkTNdWvut3livwKiS6sUDLweXMmqS_zeg-4_wiF-fvcAo-mJw9dKQJmLCNBHXNDjKDGTjdxg13ikeZJbcqN-VwBSkt3K60bmBHH5d2WcNn5Gj9B_SobDfkXU7bR9kJ_dqVSw0%2C&rs=eJwzYgAAAGYAMw%2C%2C&sku=101353756751&do-waremd5=4TVWS9lGX8yU_PhhKZNodw&cpa=1&nid=18061179 | O37: =J37 -> 4725 | P37: =O37*F37 -> 9450 | Q37: 0.2 | R37: 0.147 | S37: =ROUND(P37*(1-Q37)*(1-R37),0) -> 6449 | T37: =S37/1.2 -> 5374.1667
C38: 32 | D38: Авт. выкл. ВА47-29 3Р 16А C | E38: шт | F38: 36 | G38: 02.02.2022 | H38: 5297.37 | I38: Хорошее | J38: 594 | L38: https://market.yandex.ru/product--avtomaticheskii-vykliuchatel-iek-va47-29-3p-16a-kharakteristika-c/1820908645?cpc=GvVxioneCrhmsJEEy6MjrrjHqscMfOibhTyE6TzlT4W-Yx9BKE9yuqCIiti_qHvq5cZQChD1rClCOohQUILqn-2I11dbib-NzTJ9hGYPLKSLEHuC6Zp7mKRY9dg5HGaQ5HN2rYORDKB9qAppWPMej_EWB-SuqfRrvQIZETeJrXFTvfoNbe7Yil21QUgcXydMv224-tl9yXYLyTsDu45_D-hV8y34ej4YjZpgh1cJgT-VPV8WE_355Y3QPkBAz4TW1q7MN_y6OtSV5HnJy5MuvQ%2C%2C&from-show-uid=16890732585011511178500001&sku=101871371747&do-waremd5=3q5AjsW3zhHrnJvns0SitA&sponsored=1&cpa=1 | O38: =J38 -> 594 | P38: =O38*F38 -> 21384 | Q38: 0.2 | R38: 0.147 | S38: =ROUND(P38*(1-Q38)*(1-R38),0) -> 14592 | T38: =S38/1.2 -> 12160
C39: 33 | D39: Авт. выкл. ВА47-29 3Р 20А С | E39: шт | F39: 1 | G39: 02.02.2022 | H39: 850 | I39: Хорошее | J39: 410 | L39: https://www.onlinetrade.ru/catalogue/avtomaticheskie_vyklyuchateli_toka_avt-c2307/iek/avtomaticheskiy_vyklyuchatel_iek_va47_29_3r_20a_4_5ka_kh_ka_s_mva20_3_020_c-2141610.html?utm_referrer=https%3A%2F%2Fyandex.ru%2Fproducts%2Fsearch%3Ftext%3D%25D0%2590%25D0%25B2%25D1%2582.%2520%25D0%25B2%25D1%258B%25D0%25BA%25D0%25BB.%2520%25D0%2592%25D0%259047-29%25203%25D0%25A0%252020%25D0%2590%2520%25D0%25A1 | O39: =J39 -> 410 | P39: =O39*F39 -> 410 | Q39: 0.2 | R39: 0.147 | S39: =ROUND(P39*(1-Q39)*(1-R39),0) -> 280 | T39: =S39/1.2 -> 233.33333
... C42: 36 | D42: Авт.выключатель C60N 3П 16А D | E42: шт | F42: 1 | G42: 02.02.2022 | H42: 312 | I42: Хорошее | J42: 2203 | L42: https://tek-el.ru/item/576440 | O42: =J42 -> 2203 | P42: =O42*F42 -> 2203 | Q42: 0.2 | R42: 0.147 | S42: =ROUND(P42*(1-Q42)*(1-R42),0) -> 1503 | T42: =S42/1.2 -> 1252.5
C43: 37 | D43: Авт.выключатель IC60 N 3П D32А | E43: шт | F43: 32 | G43: 43465 | H43: 3684.51 | I43: Хорошее | J43: 4725 | L43: https://market.yandex.ru/product--avtomaticheskii-vykliuchatel-schneider-electric-acti-9-ic60n-d-6ka/1868463855?glfilter=27142750%3A28737595_101353756751&glfilter=14805873%3A14805873_Other_101353756751&cpc=WvOv0jDJ9FMUWyWZWGIaORcElpDi8FOtcvRiJY8quo1pPu1Z4I7DBummxaxOr7cOeblj-4W33KxyYNGTpnxvZZZPjYISicIgzMRKF2FSfe4myomrSWUAWupgV7G4bxBUAHI0ObC_9Sx6imERjAQJZCOuAkq2h2PWP1QghVN1JvRnUSrUZEEO91uZBIIJk9ecCLQbjqB5rIJKRlR60izsCTJ_CW1ByKME5Cgxm1ViQyTg4ElB_89i5Q%2C%2C&sku=101353756751&offerid=4TVWS9lGX8yU_PhhKZNodw&cpa=1 | O43: =J43 -> 4725 | P43: =O43*F43 -> 151200 | Q43: 0.2 | R43: 0.147 | S43: =ROUND(P43*(1-Q43)*(1-R43),0) -> 103179 | T43: =S43/1.2 -> 85982.5
C44: 38 | D44: Авт.выключатель IK60 3П 40А | E44: шт | F44: 1 | G44: 43465 | H44: 907.08 | I44: Хорошее | J44: 1579 | L44: https://market.yandex.ru/product--vykliuchatel-avtomaticheskii-modulnyi-3p-d-40a-6ka-va47-60m-iek-mva31-3-040-d-1sht/1417955116?clid=1601&utm_source=yandex&utm_medium=search&utm_campaign=ymp_offer_dp_stroika_model_4_bko_dyb_search_rus&utm_term=91699%7C1417955116&utm_content=cid%3A83036734%7Cgid%3A5128990123%7Caid%3A13463066071%7Cph%3A3454069%7Cpt%3Apremium%7Cpn%3A1%7Csrc%3Anone%7Cst%3Asearch%7Crid%3A3454069%7Ccgcid%3A0&cpa=1 | O44: =J44 -> 1579 | P44: =O44*F44 -> 1579 | Q44: 0.2 | R44: 0.147 | S44: =ROUND(P44*(1-Q44)*(1-R44),0) -> 1078 | T44: =S44/1.2 -> 898.33333
C45: 39 | D45: Авт.выключатель IK60N 3П 25А C | E45: шт | F45: 4 | G45: 02.02.2022 | H45: 1128 | I45: Хорошее | J45: 1638 | L45: https://market.yandex.ru/product--a9k24325-avtomaticheskii-vykliuchatel-seriia-ik60-n-3p-25a-krivaia-c-6ka-schneider-electric/962345071?nid=18061179&show-uid=16890752380744904761316004&context=search&text=Автоматический%20выключатель%20Schneider%20Electric%20Acti9%20iK60N%203P%2025А%20характеристика%20C&own-cards=74738997%3A101324691387&sku=101324691387&cpc=S9dlj4kyW3onIeeEVjgDY_cZeVw4P1s1LigN132yf56aR0zKc_WHVODR5wxOGRXXw9A7UpAjYAtJTj52bmczxTJ3Mpr4pPorNpoRovKHviD7QHtrAn2yrFZNTervQqlZ-0M_fk2uir3gS2Yj62nW2WyB6iibL3R5UswQzvRhk4fHAVuxh5FYCZfiUQtuElIxzzJDPFENUAJkxp0MHM2_WS7eXzSXxG2N4bxttPTtv-1dw1J7Qkl-UjuVegpTjnYipi57tYKbQOFZ3QIWfmW9yg%2C%2C&do-waremd5=20Chf5Ytzzz25FCJ5ICZLA&sponsored=1&rs=eJwzYgAAAGYAMw%2C%2C | O45: =J45 -> 1638 | P45: =O45*F45 -> 6552 | Q45: 0.2 | R45: 0.147 | S45: =ROUND(P45*(1-Q45)*(1-R45),0) -> 4471 | T45: =S45/1.2 -> 3725.8333
C46: 40 | D46: Авт.выключатель PKZM4-40 с тепл.реле 32-40А | E46: шт | F46: 2 | G46: 02.02.2022 | H46: 366.28 | I46: Хорошее | J46: 16722 | L46: https://market.yandex.ru/product--a9k24325-avtomaticheskii-vykliuchatel-seriia-ik60-n-3p-25a-krivaia-c-6ka-schneider-electric/962345071?nid=18061179&show-uid=16890752380744904761316004&context=search&text=Автоматический%20выключатель%20Schneider%20Electric%20Acti9%20iK60N%203P%2025А%20характеристика%20C&own-cards=74738997%3A101324691387&sku=101324691387&cpc=S9dlj4kyW3onIeeEVjgDY_cZeVw4P1s1LigN132yf56aR0zKc_WHVODR5wxOGRXXw9A7UpAjYAtJTj52bmczxTJ3Mpr4pPorNpoRovKHviD7QHtrAn2yrFZNTervQqlZ-0M_fk2uir3gS2Yj62nW2WyB6iibL3R5UswQzvRhk4fHAVuxh5FYCZfiUQtuElIxzzJDPFENUAJkxp0MHM2_WS7eXzSXxG2N4bxttPTtv-1dw1J7Qkl-UjuVegpTjnYipi57tYKbQOFZ3QIWfmW9yg%2C%2C&do-waremd5=20Chf5Ytzzz25FCJ5ICZLA&sponsored=1&rs=eJwzYgAAAGYAMw%2C%2C | O46: =J46 -> 16722 | P46: =O46*F46 -> 33444 | Q46: 0.2 | R46: 0.147 | S46: =ROUND(P46*(1-Q46)*(1-R46),0) -> 22822 | T46: =S46/1.2 -> 19018.333
C47: 41 | D47: Авт.выключатель АЕ 2056мП-100-00У3А 3Р 63А | E47: шт | F47: 1 | G47: 02.02.2022 | H47: 907 | I47: Хорошее | J47: 1364.48 | L47: https://www.texenergo.ru/catalog/item.html/te00118745 | O47: =J47 -> 1364.48 | P47: =O47*F47 -> 1364.48 | Q47: 0.2 | R47: 0.147 | S47: =ROUND(P47*(1-Q47)*(1-R47),0) -> 931 | T47: =S47/1.2 -> 775.83333
C48: 42 | D48: Авт.выключатель АЕ 2066-100-00У3В 3Р 160А | E48: шт | F48: 1 | G48: 02.02.2022 | H48: 839.5 | I48: Хорошее | J48: 2507 | L48: https://эт-п.рф/product/1464 | O48: =J48 -> 2507 | P48: =O48*F48 -> 2507 | Q48: 0.2 | R48: 0.147 | S48: =ROUND(P48*(1-Q48)*(1-R48),0) -> 1711 | T48: =S48/1.2 -> 1425.8333
C49: 43 | D49: Авт.выключатель ВА47-100 3Р 100 А | E49: шт | F49: 1 | G49: 43465 | H49: 1114.77 | I49: Хорошее | J49: 2413 | L49: https://market.yandex.ru/product--avtomaticheskii-vykliuchatel-va47-100-3r-10a-10ka-s-iek/1750360401?cpc=yk9WbPJrFK6LSmRm2DPs0rv3CRdvRm4NcDHdtZf77DLzT8tYCzPsmzDMGV8va0ei6SCP0hfzR2IpW_02WIcbkkYxGSMnSI20Ca8rj6sA7rZMirRBKv9LktsIHySE-hNn2PgEqbyYjDembF5m85hViwomuNYeIYPHQDUpRB5fssvWnpj2nZvBtD942AAjHgCcfqYTB7ILYyJnsFuF3KlUjQpmBq0-JgdVgimj6-T-ZfMLHJrBcNlCEIbZsu-O05yayHuSzMV-bmaQyr6IBOiv3A%2C%2C&cc=Ci4xNjg5MDc2MTY5MzUwLzAwZjRjMWRlY2U4ODNiMjMxMDlmMTJiMTM0MDAwNjAwEOYBgH3m7QY%2C&sku=101728825501&from=premiumOffers&from-show-uid=16890761700767962536100001&do-waremd5=hW4cMyz--3UPjIqfcUyNEw&sponsored=1 | O49: =J49 -> 2413 | P49: =O49*F49 -> 2413 | Q49: 0.2 | R49: 0.147 | S49: =ROUND(P49*(1-Q49)*(1-R49),0) -> 1647 | T49: =S49/1.2 -> 1372.5
C50: 44 | D50: Авт.выключатель ВА47-29 1Р 1 А | E50: шт | F50: 12 | G50: 43930 | H50: 1029.87 | I50: Хорошее | J50: 92.62 | L50: https://www.etk-s.ru/katalog/nizkovoltnoe-oborudovanie/avtomaticheskie-vyklyuchateli/avtomaticheskie-vyklyuchateli-modulnye/Avtomaticheskii_viklyuchatel_VA47-29-1S10-UHL3-KEAZ?yclid=921545537656193023 | O50: =J50 -> 92.62 | P50: =O50*F50 -> 1111.44 | Q50: 0.2 | R50: 0.147 | S50: =ROUND(P50*(1-Q50)*(1-R50),0) -> 758 | T50: =S50/1.2 -> 631.66667
C51: 45 | D51: Авт.выключатель ВА47-29 1Р 16 А | E51: шт | F51: 3 | G51: 43465 | H51: 56.65 | I51: Хорошее | J51: 180 | L51: https://www.chipdip.ru/product0/9000510011?utm_source=direct&utm_medium=cpc&position_type=premium%7Ck50id%7C010000002651837_2651837%7Ccid%7C60323483%7Cgid%7C4964180456%7Caid%7C12395850839%7Csrc%7Csearch_none&utm_campaign=Y_dinamicheskaya&utm_content=text9_ya&utm_term=&yclid=14919157770763108351 | O51: =J51 -> 180 | P51: =O51*F51 -> 540 | Q51: 0.2 | R51: 0.147 | S51: =ROUND(P51*(1-Q51)*(1-R51),0) -> 368 | T51: =S51/1.2 -> 306.66667
C52: 46 | D52: Авт.выключатель ВА47-29 1Р 4 А | E52: шт | F52: 5 | G52: 43465 | H52: 554.87 | I52: Хорошее | J52: 240 | L52: https://www.chipdip.ru/product0/8010444951?utm_source=direct&utm_medium=cpc&position_type=other%7Ck50id%7C010000003214933_3214933%7Ccid%7C81265450%7Cgid%7C5094299410%7Caid%7C13187180933%7Csrc%7Csearch_yandex.ru&utm_campaign=Y_dinamika_ext&utm_content=text1_ya&utm_term=&etext=2202.fxi3-43Fz2Wid6guMH4XaPQwm5l_laYZ818qGcTwt8slv3TrNn-xrdVVUCFscjoJrucLDY1Vd84zZRUeXTuijnNuY3pyeWxzb29obWpkY3M.35cda9508eaeb54481a98e305a26fadf30fc141f&utm_referrer=https%3A%2F%2Fyandex.ru%2Fproducts%2Fsearch%3Ftext%3D%25D0%2590%25D0%25B2%25D1%2582.%25D0%25B2%25D1%258B%25D0%25BA%25D0%25BB%25D1%258E%25D1%2587%25D0%25B0%25D1%2582%25D0%25B5%25D0%25BB%25D1%258C%2520%25D0%2592%25D0%259047-29%2520%25201%25D0%25A0%2520%25204%2520%25D0%2590&yclid=3906878242223889414 | O52: =J52 -> 240 | P52: =O52*F52 -> 1200 | Q52: 0.2 | R52: 0.147 | S52: =ROUND(P52*(1-Q52)*(1-R52),0) -> 819 | T52: =S52/1.2 -> 682.5
C53: 47 | D53: Авт.выключатель ВА47-29 3Р 1 А | E53: шт | F53: 6 | G53: 43465 | H53: 3173.92 | I53: Хорошее | J53: 647.83 | L53: https://om-ek.ru/product/item/avtomat-vykl-3-pol-1a-tip-d-4-5ka-seriya-va-47-29?utm_referrer=https%3A%2F%2Fyandex.ru%2Fproducts%2Fsearch%3Ftext%3D%25D0%2590%25D0%25B2%25D1%2582.%25D0%25B2%25D1%258B%25D0%25BA%25D0%25BB%25D1%258E%25D1%2587%25D0%25B0%25D1%2582%25D0%25B5%25D0%25BB%25D1%258C%2520%25D0%2592%25D0%259047-29%2520%25203%25D0%25A0%2520%2520%25201%2520%25D0%2590 | O53: =J53 -> 647.83 | P53: =O53*F53 -> 3886.98 | Q53: 0.2 | R53: 0.147 | S53: =ROUND(P53*(1-Q53)*(1-R53),0) -> 2652 | T53: =S53/1.2 -> 2210
C54: 48 | D54: Авт.выключатель ВА47-29 3Р 6 А | E54: шт | F54: 5 | G54: 43465 | H54: 1252.72 | I54: Хорошее | J54: 820 | L54: https://market.yandex.ru/product--vykliuchatel-avtomaticheskii-va47-29-3r-6a-4-5ka-d-iek/1458906379?clid=1601&utm_source=yandex&utm_medium=search&utm_campaign=ymp_offer_dp_stroika_model_4_bko_dyb_search_rus&utm_term=91699%7C1458906379&utm_content=cid%3A83036734%7Cgid%3A5128990123%7Caid%3A13463066071%7Cph%3A3454069%7Cpt%3Apremium%7Cpn%3A1%7Csrc%3Anone%7Cst%3Asearch%7Crid%3A3454069%7Ccgcid%3A0&cpa=1 | O54: =J54 -> 820 | P54: =O54*F54 -> 4100 | Q54: 0.2 | R54: 0.147 | S54: =ROUND(P54*(1-Q54)*(1-R54),0) -> 2798 | T54: =S54/1.2 -> 2331.6667
C55: 49 | D55: Авт.выключатель ВА47-29 3Р 10А | E55: шт | F55: 8 | G55: 43465 | H55: 1281.69 | I55: Хорошее | J55: 492.93 | L55: https://anlan.ru/products/18496?utm_medium=cpc&utm_source=yandex&utm_term=13308492989&yclid=15974645073531371519 | O55: =J55 -> 492.93 | P55: =O55*F55 -> 3943.44 | Q55: 0.2 | R55: 0.147 | S55: =ROUND(P55*(1-Q55)*(1-R55),0) -> 2691 | T55: =S55/1.2 -> 2242.5
C56: 50 | D56: Авт.выключатель ВА47-29 3Р 16А B | E56: шт | F56: 5 | G56: 43465 | H56: 474.86 | I56: Хорошее | J56: 624.96 | L56: https://www.elec-transfer.ru/nizkovoltnoe-oborudovanie/iek-1/avtomaticheskie-vyklyuchateli-trehpolyusnye-iek-va47-29/avtomaticheskiy-vyklyuchatel-iek-trehpolyusnyy-va47-29-3r-16a-45ka-hars?utm_source=yandex&utm_medium=cpc&utm_campaign=87798297&utm_content=14455890136&utm_term=&yclid=17648275502509064191 | O56: =J56 -> 624.96 | P56: =O56*F56 -> 3124.8 | Q56: 0.2 | R56: 0.147 | S56: =ROUND(P56*(1-Q56)*(1-R56),0) -> 2132 | T56: =S56/1.2 -> 1776.6667
C57: 51 | D57: Авт.выключатель ВА47-29 3Р 16А С | E57: шт | F57: 1 | G57: 43465 | H57: 239.32 | I57: Хорошее | J57: 440 | L57: https://www.onlinetrade.ru/catalogue/avtomaticheskie_vyklyuchateli_toka_avt-c2307/iek/avtomaticheskiy_vyklyuchatel_iek_va47_29_3r_16a_4_5ka_kh_ka_s_mva20_3_016_c-2141612.html?utm_referrer=https%3A%2F%2Fyandex.ru%2Fproducts%2Fsearch%3Ftext%3D%25D0%2590%25D0%25B2%25D1%2582.%25D0%25B2%25D1%258B%25D0%25BA%25D0%25BB%25D1%258E%25D1%2587%25D0%25B0%25D1%2582%25D0%25B5%25D0%25BB%25D1%258C%2520%25D0%2592%25D0%259047-29%25203%25D0%25A0%252016%25D0%2590%2520%25D0%25A1 | O57: =J57 -> 440 | P57: =O57*F57 -> 440 | Q57: 0.2 | R57: 0.147 | S57: =ROUND(P57*(1-Q57)*(1-R57),0) -> 300 | T57: =S57/1.2 -> 250
C58: 52 | D58: Авт.выключатель ВА47-29 3Р 25 А | E58: шт | F58: 8 | G58: 44594 | H58: 2211.69 | I58: Хорошее | J58: 560 | L58: https://www.onlinetrade.ru/catalogue/avtomaticheskie_vyklyuchateli_toka_avt-c2307/iek/avtomaticheskiy_vyklyuchatel_iek_va47_29_3r_25a_4_5ka_kh_ka_d_mva20_3_025_d-2711144.html?utm_referrer=https%3A%2F%2Fyandex.ru%2Fproducts%2Fsearch%3Ftext%3D%25D0%2590%25D0%25B2%25D1%2582.%25D0%25B2%25D1%258B%25D0%25BA%25D0%25BB%25D1%258E%25D1%2587%25D0%25B0%25D1%2582%25D0%25B5%25D0%25BB%25D1%258C%2520%25D0%2592%25D0%259047-29%25203%25D0%25A0%252025%2520%25D0%2590 | O58: =J58 -> 560 | P58: =O58*F58 -> 4480 | Q58: 0.2 | R58: 0.147 | S58: =ROUND(P58*(1-Q58)*(1-R58),0) -> 3057 | T58: =S58/1.2 -> 2547.5
C59: 53 | D59: Авт.выключатель ВА47-29 3Р 25 А D | E59: шт | F59: 5 | G59: 47118 | H59: 1625.34 | I59: Хорошее | J59: 510.62 | L59: https://www.roommag.ru/catalog/tovar/118362/?utm_referrer=https%3A%2F%2Fyandex.ru%2Fproducts%2Fsearch%3Ftext%3D%25D0%2590%25D0%25B2%25D1%2582.%25D0%25B2%25D1%258B%25D0%25BA%25D0%25BB%25D1%258E%25D1%2587%25D0%25B0%25D1%2582%25D0%25B5%25D0%25BB%25D1%258C%2520%25D0%2592%25D0%259047-29%2520%25203%25D0%25A0%2520%252025%2520%25D0%2590%2520D&utm_source=yandex_tovar | O59: =J59 -> 510.62 | P59: =O59*F59 -> 2553.1 | Q59: 0.2 | R59: 0.147 | S59: =ROUND(P59*(1-Q59)*(1-R59),0) -> 1742 | T59: =S59/1.2 -> 1451.6667
C60: 54 | D60: Авт.выключатель ВА47-29 3Р 32А | E60: шт | F60: 8 | G60: 31.12.2018 | H60: 1371.26 | I60: Хорошее | J60: 1154.89 | L60: https://www.tesli.com/product/avtomaticheskiy-vyklyuchatel-iek-1993027/?utm_referrer=https%3A%2F%2Fyandex.ru%2Fproducts%2Fsearch%3Ftext%3D%25D0%2590%25D0%25B2%25D1%2582.%25D0%25B2%25D1%258B%25D0%25BA%25D0%25BB%25D1%258E%25D1%2587%25D0%25B0%25D1%2582%25D0%25B5%25D0%25BB%25D1%258C%2520%25D0%2592%25D0%259047-29%25203%25D0%25A0%252032%25D0%2590# | O60: =J60 -> 1154.89 | P60: =O60*F60 -> 9239.12 | Q60: 0.2 | R60: 0.147 | S60: =ROUND(P60*(1-Q60)*(1-R60),0) -> 6305 | T60: =S60/1.2 -> 5254.1667
C61: 55 | D61: Авт.выключатель ВА47-29 3Р 40А | E61: шт | F61: 4 | G61: 31.12.2018 | H61: 27501.6 | I61: Хорошее | J61: 192 | L61: https://market.yandex.ru/product--va-47-29-c-4-5ka/1865827959?glfilter=27142750%3A28737575_100462901626&cpc=8iPfbP5zRbiYoR6r_5XRisa5MiEMMUzOYdZoHT7M6vuRIJbXMT6cyV0EA0XZ6Uc-gzFttDsCLUAOhLq2PfXLKBRG6xtCeEeSnNO-SuwZug3o_xBbrXgjCuxijGEF12CdkpMOaFu-K8lDrPzw5ZDF5nxsst4QiTknWrnwLctrz6zGryety1NBiWeASgj6Tq1VPutgaN8ZmjsErUR1dbTTy0wuAqWsIIoeijXUq7B5NfSjXzfsNn4P2w%2C%2C&sku=100462901626&offerid=96M4S_J3NYQwt99eguZtFA&cpa=1 | O61: =J61 -> 192 | P61: =O61*F61 -> 768 | Q61: 0.2 | R61: 0.147 | S61: =ROUND(P61*(1-Q61)*(1-R61),0) -> 524 | T61: =S61/1.2 -> 436.66667
C62: 56 | D62: Авт.выключатель ВА47-29 3Р 63 А | E62: шт | F62: 25 | G62: 02.02.2022 | H62: 20804.74 | I62: Хорошее | J62: 399 | L62: https://market.yandex.ru/product--va-47-29-c-4-5ka/1865827959?glfilter=27142750%3A28737638_100463648728&cpa=1&cpc=8iPfbP5zRbiYoR6r_5XRisa5MiEMMUzOYdZoHT7M6vuRIJbXMT6cyV0EA0XZ6Uc-gzFttDsCLUAOhLq2PfXLKBRG6xtCeEeSnNO-SuwZug3o_xBbrXgjCuxijGEF12CdkpMOaFu-K8lDrPzw5ZDF5nxsst4QiTknWrnwLctrz6zGryety1NBiWeASgj6Tq1VPutgaN8ZmjsErUR1dbTTy0wuAqWsIIoeijXUq7B5NfSjXzfsNn4P2w%2C%2C&sku=100463648728&offerid=96M4S_J3NYQwt99eguZtFA | O62: =J62 -> 399 | P62: =O62*F62 -> 9975 | Q62: 0.2 | R62: 0.147 | S62: =ROUND(P62*(1-Q62)*(1-R62),0) -> 6807 | T62: =S62/1.2 -> 5672.5
C63: 57 | D63: Авт.выключатель ВА47-29 3Р 63 А D | E63: шт | F63: 3 | G63: 31.12.2018 | H63: 3025.9 | I63: Хорошее | J63: 760 | L63: https://www.onlinetrade.ru/catalogue/avtomaticheskie_vyklyuchateli_toka_avt-c2307/iek/avtomaticheskiy_vyklyuchatel_iek_va47_29_4r_63a_4_5ka_kh_ka_s_mva20_4_063_c-2711143.html?utm_referrer=https%3A%2F%2Fyandex.ru%2Fproducts%2Fsearch%3Ftext%3D%25D0%2590%25D0%25B2%25D1%2582.%25D0%25B2%25D1%258B%25D0%25BA%25D0%25BB%25D1%258E%25D1%2587%25D0%25B0%25D1%2582%25D0%25B5%25D0%25BB%25D1%258C%2520%25D0%2592%25D0%259047-29%25203%25D0%25A0%252063%2520%25D0%2590%2520D | O63: =J63 -> 760 | P63: =O63*F63 -> 2280 | Q63: 0.2 | R63: 0.147 | S63: =ROUND(P63*(1-Q63)*(1-R63),0) -> 1556 | T63: =S63/1.2 -> 1296.6667
C64: 58 | D64: Авт.выключатель ВА47-29 1Р 3А | E64: шт | F64: 36 | G64: 44594 | H64: 5297.37 | I64: Хорошее | J64: 180 | L64: https://www.onlinetrade.ru/catalogue/avtomaticheskie_vyklyuchateli_toka_avt-c2307/iek/avtomaticheskiy_vyklyuchatel_iek_1p_b_3a_4.5ka_va47_29_mva20_1_003_b-3056821.html?utm_referrer=https%3A%2F%2Fyandex.ru%2Fproducts%2Fsearch%3Ftext%3D%25D0%2590%25D0%25B2%25D1%2582.%25D0%25B2%25D1%258B%25D0%25BA%25D0%25BB%25D1%258E%25D1%2587%25D0%25B0%25D1%2582%25D0%25B5%25D0%25BB%25D1%258C%2520%25D0%2592%25D0%259047-29%25201%25D0%25A0%25203%25D0%2590 | O64: =J64 -> 180 | P64: =O64*F64 -> 6480 | Q64: 0.2 | R64: 0.147 | S64: =ROUND(P64*(1-Q64)*(1-R64),0) -> 4422 | T64: =S64/1.2 -> 3685
C65: 59 | D65: Авт.выключатель ВА47-29 1Р 6А С | E65: шт | F65: 12 | G65: 31.12.2018 | H65: 1445.59 | I65: Хорошее | J65: 137.4 | L65: https://www.roommag.ru/catalog/tovar/118296/?utm_referrer=https%3A%2F%2Fyandex.ru%2Fproducts%2Fsearch%3Ftext%3D%25D0%2590%25D0%25B2%25D1%2582.%25D0%25B2%25D1%258B%25D0%25BA%25D0%25BB%25D1%258E%25D1%2587%25D0%25B0%25D1%2582%25D0%25B5%25D0%25BB%25D1%258C%2520%25D0%2592%25D0%259047-29%25201%25D0%25A0%25206%25D0%2590%2520%25D0%25A1&utm_source=yandex_tovar | O65: =J65 -> 137.4 | P65: =O65*F65 -> 1648.8 | Q65: 0.2 | R65: 0.147 | S65: =ROUND(P65*(1-Q65)*(1-R65),0) -> 1125 | T65: =S65/1.2 -> 937.5
C66: 60 | D66: Авт.выключатель ВА47-29 3Р 50 А | E66: шт | F66: 19 | G66: 44594 | H66: 15393.21 | I66: Хорошее | J66: 311 | L66: https://yandex.ru/products/product/1865827959/sku/100462901637?text=Авт.выключатель+ВА47-29+3Р+50+А&rs=eJxFkElPwlAURpu40cYVi8YlSzck79439L5lGUsLKmhk2JhSJikQy1TKX_JP2jYE9-fkfPnw985D09rulmFbnnzP-zoBq3Q_Dkm0XZRMICUJbS01PgJjQqFmoLidO_HBHX23sMFTdy9n5DQ3W8e5OSQyOHPAJmCK2YqKTo07bTim1bGqN2Y7d-k7apz8dwQvOlpKoYUU4DHT4kmvWan7tO69rAN3MqBoX-0mpXshSGskKipoS0DOQXpgWpSy6C2Yh61x_KmnGK86_tDplR5QUbbkqjCpSSutieeR4fnU9ZeVsMKjBBbvofjZNFe9LMIIUWpRRAABZLaOe2XTAjwe3OkF5zsxWoSBO42nWE-ejLLxbFSNnPD6K7IHwXybxoFWx_MweA07zo3I7ghmexj1N5dxZ7KZcEzng4Ffy--wJedSoH29EAWXXAP9AZhUaz4%2C&lr=51 | O66: =J66 -> 311 | P66: =O66*F66 -> 5909 | Q66: 0.2 | R66: 0.147 | S66: =ROUND(P66*(1-Q66)*(1-R66),0) -> 4032 | T66: =S66/1.2 -> 3360
C67: 61 | D67: Авт.выключатель ВА47-29 3Р 3А | E67: шт | F67: 7 | G67: 43465 | H67: 2763.18 | I67: Хорошее | J67: 440 | L67: https://www.onlinetrade.ru/catalogue/avtomaticheskie_vyklyuchateli_toka_avt-c2307/iek/avtomaticheskiy_vyklyuchatel_iek_va47_29_3r_16a_4_5ka_kh_ka_s_mva20_3_016_c-2141612.html?utm_referrer=https%3A%2F%2Fyandex.ru%2Fproducts%2Fsearch%3Ftext%3D%25D0%2590%25D0%25B2%25D1%2582.%25D0%25B2%25D1%258B%25D0%25BA%25D0%25BB%25D1%258E%25D1%2587%25D0%25B0%25D1%2582%25D0%25B5%25D0%25BB%25D1%258C%2520%25D0%2592%25D0%259047-29%25203%25D0%25A0%25203%25D0%2590 | O67: =J67 -> 440 | P67: =O67*F67 -> 3080 | Q67: 0.2 | R67: 0.147 | S67: =ROUND(P67*(1-Q67)*(1-R67),0) -> 2102 | T67: =S67/1.2 -> 1751.6667
C68: 62 | D68: Авт.выключатель ВА57-35 3Р 200А | E68: шт | F68: 1 | G68: 44594 | H68: 485.5 | I68: Хорошее | J68: 6200 | L68: https://electropoisk.ru/product/vyklyuchatel-avtomaticheskiy-va57-35-340010-200a-2500-690ac-ukhl3/?utm_referrer=https%3A%2F%2Fyandex.ru%2Fproducts%2Fsearch%3Ftext%3D%25D0%2590%25D0%25B2%25D1%2582.%25D0%25B2%25D1%258B%25D0%25BA%25D0%25BB%25D1%258E%25D1%2587%25D0%25B0%25D1%2582%25D0%25B5%25D0%25BB%25D1%258C%2520%25D0%2592%25D0%259057-35%25203%25D0%25A0%2520200%25D0%2590 | O68: =J68 -> 6200 | P68: =O68*F68 -> 6200 | Q68: 0.2 | R68: 0.147 | S68: =ROUND(P68*(1-Q68)*(1-R68),0) -> 4231 | T68: =S68/1.2 -> 3525.8333
C69: 63 | D69: Авт.выключатель ВА88-32 3P 80 А | E69: шт | F69: 4 | G69: 43465 | H69: 9439.23 | I69: Хорошее | J69: 2650 | L69: https://market.yandex.ru/product--vykliuchatel-avtomaticheskii-va88-32-3r-80a-25ka-iek/1483454010?cpc=o4jOpY1QLWHU0Qpd3Tvjsmck_yEPV8axNIIRGF1n_osMi6fCMmr7U6_GdM4TigWydSi5-IzoefIR2aU21RR5BfiIL3j9YfBScjhe4CCBSiM5A2qWlthjmjL0LyvRwqthTkXeEz3jdqZOAqhA_ymiBW22918GH506f1M9b52BGOkzeMPzxhQzUqNSBKtsbPfMD99nRzSMl_5dcv2LzCeRWj31uLR3IdVP9XYjaJ4995o35tjgnDlGx8HOX_6FBy79&sku=101507462118&offerid=TTS-cy1JNpn-wmYlw7Tuzw&cpa=1 | O69: =J69 -> 2650 | P69: =O69*F69 -> 10600 | Q69: 0.2 | R69: 0.147 | S69: =ROUND(P69*(1-Q69)*(1-R69),0) -> 7233 | T69: =S69/1.2 -> 6027.5
C70: 64 | D70: Авт.выключатель ВА88-32 3P 100А | E70: шт | F70: 1 | G70: 43465 | H70: 9251.98 | I70: Хорошее | J70: 2563.47 | L70: https://www.elektrolight.ru/avtomaticheskie-vyklyuchateli/avtomaticheskiy-vyklyuchatel-va88-32-3r-100a-25ka-iek-sva10-3-0100-r/?utm_referrer=https%3A%2F%2Fyandex.ru%2Fproducts%2Fsearch%3Ftext%3D%25D0%2590%25D0%25B2%25D1%2582.%25D0%25B2%25D1%258B%25D0%25BA%25D0%25BB%25D1%258E%25D1%2587%25D0%25B0%25D1%2582%25D0%25B5%25D0%25BB%25D1%258C%2520%25D0%2592%25D0%259088-32%25203P%2520100%25D0%2590 | O70: =J70 -> 2563.47 | P70: =O70*F70 -> 2563.47 | Q70: 0.2 | R70: 0.147 | S70: =ROUND(P70*(1-Q70)*(1-R70),0) -> 1749 | T70: =S70/1.2 -> 1457.5
C71: 65 | D71: Авт.выключатель ВА88-32 3P 125А | E71: шт | F71: 2 | G71: 43465 | H71: 8304.77 | I71: Хорошее | J71: 2796 | L71: https://www.ozon.ru/product/vyklyuchatel-avtomaticheskiy-va88-32-3r-125a-25ka-iek-241333025/?utm_medium=organic&utm_referrer=https%3A%2F%2Fyandex.ru%2Fproducts%2Fsearch%3Ftext%3D%25D0%2590%25D0%25B2%25D1%2582.%25D0%25B2%25D1%258B%25D0%25BA%25D0%25BB%25D1%258E%25D1%2587%25D0%25B0%25D1%2582%25D0%25B5%25D0%25BB%25D1%258C%2520%25D0%2592%25D0%259088-32%25203P%2520125%25D0%2590&utm_source=yandex_serp_products&sh=k6SLyM_MMQ | O71: =J71 -> 2796 | P71: =O71*F71 -> 5592 | Q71: 0.2 | R71: 0.147 | S71: =ROUND(P71*(1-Q71)*(1-R71),0) -> 3816 | T71: =S71/1.2 -> 3180
C72: 66 | D72: Авт.выключатель ВА88-33 3P 160А | E72: шт | F72: 1 | G72: 43465 | H72: 5497.55 | I72: Хорошее | J72: 2745.32 | L72: https://td-sfera.com/shop/avtomaticheskie-vykljuchateli/va-57-35/s-avt-vykljuchatel-va-57-35-340010-160a-1600/?yclid=15945873918175477759 | O72: =J72 -> 2745.32 | P72: =O72*F72 -> 2745.32 | Q72: 0.2 | R72: 0.147 | S72: =ROUND(P72*(1-Q72)*(1-R72),0) -> 1873 | T72: =S72/1.2 -> 1560.8333
C73: 67 | D73: Авт.выключатель ВА88-35 125А | E73: шт | F73: 1 | G73: 43465 | H73: 3147.23 | I73: Хорошее | J73: 5309 | L73: https://yandex.ru/products/product/42830591/sku/101184364873?text=Авт.выключатель+ВА88-35+125А&rs=eJw1kE1T4kAQhqnai6Y8caA8etwLVdM9k5nuYzQEHAwSWLTgsoWKUcmXZSDKX9o_uRPcPXZVP28__eKfH1Z4PaonOI3W9eQl32sb8XY-HE-S7olCksJnwDMQAKSkVmSkBa-HL_Xhs9rOMMqLaj3sP61UGQbdU2YfBCpJR8Tt--CTRIter-4fcLqYXsKuoQVtqtd82uRp1wNCZndF4ZFhQkBSfGRuKR_Jm3gDb_loXoVxEBXjWeIYJYwmQ-5Wy7gJDKOhlimTeklfn4MkSG04Xz3-Lu9jp9YyLlwL8f2OZAnOlqEtoLy_5dnuI3vKmvgZFnJXxONt0BbAmhH4nxkzk9FgL7ze1XUU5vhcz0Ls2wr2zOkbJ-edi87PzmWn9bhSS2NX80yX6V0h91m9jNb26C4NoHblfLsrXws2vmpTf40Gw7sgq8T7YTBONg_FV5w2zf_Uv6yoavY%2C&lr=51 | O73: =J73 -> 5309 | P73: =O73*F73 -> 5309 | Q73: 0.2 | R73: 0.147 | S73: =ROUND(P73*(1-Q73)*(1-R73),0) -> 3623 | T73: =S73/1.2 -> 3019.1667
C74: 68 | D74: Авт.выключатель ВА88-35 3Р 250А | E74: шт | F74: 3 | G74: 43465 | H74: 9295.36 | I74: Хорошее | J74: 9200 | L74: https://этх.рф/magazin/product/vyklyuchatel-avtomaticheskij-3p-250a-35ka-va88-35-tdm?utm_referrer=https%3A%2F%2Fyandex.ru%2Fproducts%2Fsearch%3Ftext%3D%25D0%2590%25D0%25B2%25D1%2582.%25D0%25B2%25D1%258B%25D0%25BA%25D0%25BB%25D1%258E%25D1%2587%25D0%25B0%25D1%2582%25D0%25B5%25D0%25BB%25D1%258C%2520%25D0%2592%25D0%259088-35%25203%25D0%25A0%2520250%25D0%2590 | O74: =J74 -> 9200 | P74: =O74*F74 -> 27600 | Q74: 0.2 | R74: 0.147 | S74: =ROUND(P74*(1-Q74)*(1-R74),0) -> 18834 | T74: =S74/1.2 -> 15695
C75: 69 | D75: Авт.выключатель ВА88-37 3Р 315 А | E75: шт | F75: 1 | G75: 43465 | H75: 14284.58 | I75: Хорошее | J75: 10950 | L75: https://market.yandex.ru/product--avtomaticheskii-vykliuchatel-iek-va-88-37-35ka/42929125?cpc=7pEyO3unB-klo00G_cGWiI4mqSvl_qnMZqWDSCqPLbHklYsK330X8xlKVfzfu2ApYGQaB77PPnCa4KSrNhLJq7SswkbsNOaDs9PHhE0P7oBoMF2x4elsHqSbl75PKQim7SPNIc5KustuDsz341D2Tuo50gFyitD0MnHreupUTZ_weuekDuP3QX7PjzLzbF1mdqb0ieMWY1K2w_G1ylsvO_2T3ZYqHSrFfHcQprzpK9fe9flZC36DY6CS-8vYNM1D&extdata=CgwKBTEwOTUwEgNSVVIQMxjigrmlBg%2C%2C&offerid=YNe9bfOg5F6RzRC8fyf_yA&sku=101353750835&utm_referrer=https%3A%2F%2Fyandex.ru%2Fproducts%2Fsearch%3Ftext%3D%25D0%2590%25D0%25B2%25D1%2582.%25D0%25B2%25D1%258B%25D0%25BA%25D0%25BB%25D1%258E%25D1%2587%25D0%25B0%25D1%2582%25D0%25B5%25D0%25BB%25D1%258C%2520%25D0%2592%25D0%259088-37%25203%25D0%25A0%2520315%2520%25D0%2590&utm_source_service=products&icookie=o8830pcVAnsq0eA8SfXe%2FAkvTOVp8hwxFd0wn4b%2BxjpSeVufSWw0xo8zUK0Ofsu%2FtbOptNg2zUrVjKG%2F%2FldyFI%2F7Kdc%3D&baobab_event_id=ljzbatoj7&wprid=1689141601913879-9682707300950669875-balancer-l7leveler-kubr-yp-vla-160-BAL-2658&src_pof=1651 | O75: =J75 -> 10950 | P75: =O75*F75 -> 10950 | Q75: 0.2 | R75: 0.147 | S75: =ROUND(P75*(1-Q75)*(1-R75),0) -> 7472 | T75: =S75/1.2 -> 6226.6667
C76: 70 | D76: Авт.выключатель ВА88-40 3Р 400А | E76: шт | F76: 2 | G76: 43465 | H76: 17702.44 | I76: Хорошее | J76: 20543 | L76: https://www.ozon.ru/product/avtomaticheskiy-vyklyuchatel-va88-40-3r-400a-35ka-tdm-322050255/?utm_medium=organic&utm_referrer=https%3A%2F%2Fyandex.ru%2Fproducts%2Fsearch%3Ftext%3D%25D0%2590%25D0%25B2%25D1%2582.%25D0%25B2%25D1%258B%25D0%25BA%25D0%25BB%25D1%258E%25D1%2587%25D0%25B0%25D1%2582%25D0%25B5%25D0%25BB%25D1%258C%2520%25D0%2592%25D0%259088-40%25203%25D0%25A0%2520400%25D0%2590&utm_source=yandex_serp_products&sh=k6SLyMtwOg | O76: =J76 -> 20543 | P76: =O76*F76 -> 41086 | Q76: 0.2 | R76: 0.147 | S76: =ROUND(P76*(1-Q76)*(1-R76),0) -> 28037 | T76: =S76/1.2 -> 23364.167
C77: 71 | D77: Авт.выключатель ВА88-40 3Р 500А | E77: шт | F77: 2 | G77: 43465 | H77: 22545.18 | I77: Хорошее | J77: 21960 | L77: https://market.yandex.ru/product--vykliuchatel-avtomaticheskii-va88-40-3r-500a-35ka-iek/1483532528?cpc=Oog1urI4jTMuKdFplL9g5-kPyZ0Pp9P5djhqn80ojNQV_FvYHspIGcWRTmOR3EPQaZbt5FRHl4nqggNNBpFbiuq64bDYaZvy7Y8qYWKUeoRLFH0HpI4eURsocLw1keRY6duOwt1etqiKt2fIGDwCLy4Z_vZcA33q1Q81Jxll_xCeX3foxDr9d9KxuACfXxs3Q_dpXwOKzzlDTpxHRXZK6r_b3l_dFbUd3iNYrm-Dxk7UD3iC8P9LY03Vdj4TVVRo6P4pOBUxvA-sMnWE4cDOXV4yjv_xofALSHFRhXhRh1k%2C&sku=101507680766&offerid=JcScGcnRJr17rTVOSYIwvg&cpa=1 | O77: =J77 -> 21960 | P77: =O77*F77 -> 43920 | Q77: 0.2 | R77: 0.147 | S77: =ROUND(P77*(1-Q77)*(1-R77),0) -> 29971 | T77: =S77/1.2 -> 24975.833
... C84: 78 | D84: блок дифференциального тока A9V51363 3P-63A-30mA | E84: шт | F84: 2 | G84: 44594 | H84: 8756 | I84: Хорошее | J84: 935 | L84: https://market.yandex.ru/product--avdt-63-4p-3r-n-c16-30ma-6ka-tip-a-avtomaticheskii-vykliuchatel-differentsialnogo-toka-tdm/1405112503?text=Блок%20защиты%20дифференциальный%20Vigi%20iC60%203П%2063A%2030mA%20A-ТИП%20Schneider%20Electric%20A9V51363&cpc=OCYvRT50Nv067QBmjmi-P9gxCV3zYgpMhjjQZXaOYZO6_hR0h61Ftfj57iJjeCNDhnxU5_73R0vJYlRiWvjj6Ik3x9ZZraqhnaPCp65Gb3J2ctWYd4IzBnE2SY5FTh8XcwOaZofIEhtIOW_z-DGXfsAaDcPfEIYr_72_RYVnj_3IfCs9Ihggv8ZvY1L5WAhtZBMsNUumiGlUWysnWz76Ymqn6-T2t4j6TxL7v5aooDkgL-V_SRI4Qk1dcasLpQqukiXn4XUu1y0%2C&rs=eJwzYgAAAGYAMw%2C%2C&sku=101402078816&do-waremd5=VvwrSodYnuEQT2kIiBug8g&cpa=1&nid=18061178 | O84: =J84 -> 935 | P84: =O84*F84 -> 1870 | Q84: 0.2 | R84: 0.147 | S84: =ROUND(P84*(1-Q84)*(1-R84),0) -> 1276 | T84: =S84/1.2 -> 1063.3333
C85: 79 | D85: Блок питания ABL8REM24050 (940559) 24В, 5А | E85: шт | F85: 2 | G85: 44594 | H85: 8522 | I85: Хорошее | J85: =K85*1.2 -> 14363.532 | K85: 11969.61 | L85: https://www.leyrus.ru/catalog/bloki-pitaniya/blok-pitaniya-ipmulsnyy-optimalnoy-serii-phaseo-abl8rem24050-she-24vdc-5a-120w/?yclid=3388841977354387455 | M85: 2022 | O85: =J85 -> 14363.532 | P85: =O85*F85 -> 28727.064 | Q85: 0.2 | R85: 0.147 | S85: =ROUND(P85*(1-Q85)*(1-R85),0) -> 19603 | T85: =S85/1.2 -> 16335.833
C86: 80 | D86: Блок питания БП120Б-Д9-24С | E86: шт | F86: 1 | G86: 44594 | H86: 723.6 | I86: Хорошее | J86: 11580 | L86: https://www.souz-pribor.ru/catalog/industrial_automation/bloki-pitaniya/bp120b-d9-24s/?utm_source=eLama-yandex&utm_medium=cpc&utm_campaign=Овен2+(БК)-ПА-Россия-2023-ВКЛ&utm_content=cid%7C87815263%7Cgid%7C5194881020%7Caid%7C14155964683%7Cadp%7Cno%7Cdvc%7Cdesktop%7Cpid%7C44770513069%7Crid%7C44770513069%7Cdid%7C44770513069%7Cpos%7Cpremium1%7Cadn%7Csearch%7Ccrid%7C0%7C&utm_term=бп120б%20д9%2024с&yclid=3909180750114062335 | O86: =J86 -> 11580 | P86: =O86*F86 -> 11580 | Q86: 0.2 | R86: 0.147 | S86: =ROUND(P86*(1-Q86)*(1-R86),0) -> 7902 | T86: =S86/1.2 -> 6585
C87: 81 | D87: бобышка(втулка) G1/4 U110.04.314 | E87: шт | F87: 7 | G87: 44594 | H87: 8101.31 | I87: Хорошее | J87: 90 | L87: https://www.pkf-konros.ru/catalog/bobyshki/bobyshka-pryamaya-bp02/bp02-g1-4-50-st-20/ | O87: =J87 -> 90 | P87: =O87*F87 -> 630 | Q87: 0.2 | R87: 0.147 | S87: =ROUND(P87*(1-Q87)*(1-R87),0) -> 430 | T87: =S87/1.2 -> 358.33333
C88: 82 | D88: ВВГ 5х6 Кабель | E88: м | F88: 20 | G88: 44594 | H88: 412.6 | I88: Хорошее | J88: 299 | L88: https://www.lampoved.ru/kabeli/vvgng/vvgngls560 | O88: =J88 -> 299 | P88: =O88*F88 -> 5980 | Q88: 0.2 | R88: 0.147 | S88: =ROUND(P88*(1-Q88)*(1-R88),0) -> 4081 | T88: =S88/1.2 -> 3400.8333
C89: 83 | D89: Вентилятор 85 M3/H NSYCVF85M24DPF | E89: шт | F89: 8 | G89: 43465 | H89: 4231.14 | I89: Хорошее | J89: 5060 | L89: https://elecool.ru/vozdushnoe-ohlazhdenie/filtruyuschie-ventilyatory/ff12d24un | O89: =J89 -> 5060 | P89: =O89*F89 -> 40480 | Q89: 0.2 | R89: 0.147 | S89: =ROUND(P89*(1-Q89)*(1-R89),0) -> 27624 | T89: =S89/1.2 -> 23020
C90: 84 | D90: Вентилятор DP200A/2123XBT.GN | E90: шт | F90: 1 | G90: 43465 | H90: 949.22 | I90: Хорошее | J90: 1450 | L90: https://www.chipdip.ru/product/dp200a-2123xbt-gn?utm_source=direct&utm_medium=cpc&position_type=premium%7Ck50id%7C010000002651791_2651791%7Ccid%7C60323483%7Cgid%7C4964173641%7Caid%7C12539844524%7Csrc%7Csearch_none&utm_campaign=Y_dinamicheskaya&utm_content=text9_ya&utm_term=&yclid=14149722765446348799 | O90: =J90 -> 1450 | P90: =O90*F90 -> 1450 | Q90: 0.2 | R90: 0.147 | S90: =ROUND(P90*(1-Q90)*(1-R90),0) -> 989 | T90: =S90/1.2 -> 824.16667
C91: 85 | D91: Вентилятор NSYCVF300M230PF | E91: шт | F91: 4 | G91: 44594 | H91: 27450 | I91: Хорошее | J91: 8615 | L91: https://elecool.ru/vozdushnoe-ohlazhdenie/filtruyuschie-ventilyatory/ff15a230un2 | O91: =J91 -> 8615 | P91: =O91*F91 -> 34460 | Q91: 0.2 | R91: 0.147 | S91: =ROUND(P91*(1-Q91)*(1-R91),0) -> 23516 | T91: =S91/1.2 -> 19596.667
C92: 86 | D92: вилка переносная 3P+N+PE ССИ-015 PSN02-016-5 | E92: шт | F92: 2 | G92: 44594 | H92: 24 | I92: Хорошее | J92: 600 | L92: https://www.chipdip.ru/product0/8000842872 | O92: =J92 -> 600 | P92: =O92*F92 -> 1200 | Q92: 0.2 | R92: 0.147 | S92: =ROUND(P92*(1-Q92)*(1-R92),0) -> 819 | T92: =S92/1.2 -> 682.5
C93: 87 | D93: вилка переносная 3P+N+PE ССИ-025 PSR02-032-5 | E93: шт | F93: 2 | G93: 44594 | H93: 7.66 | I93: Хорошее | J93: 340 | L93: https://www.chipdip.ru/product0/8010438933 | O93: =J93 -> 340 | P93: =O93*F93 -> 680 | Q93: 0.2 | R93: 0.147 | S93: =ROUND(P93*(1-Q93)*(1-R93),0) -> 464 | T93: =S93/1.2 -> 386.66667
C94: 88 | D94: вилка стационарная 3P+N+PE ССИ-525 PSR52-032-5 | E94: шт | F94: 18 | G94: 44594 | H94: 283.5 | I94: Хорошее | J94: 670 | L94: https://www.chipdip.ru/product0/8010438621 | O94: =J94 -> 670 | P94: =O94*F94 -> 12060 | Q94: 0.2 | R94: 0.147 | S94: =ROUND(P94*(1-Q94)*(1-R94),0) -> 8230 | T94: =S94/1.2 -> 6858.3333
C95: 89 | D95: Вода дистиллированная канистра 5 литров | E95: шт | F95: 5 | G95: 44594 | H95: 2800 | I95: Хорошее | J95: 319 | L95: https://market.yandex.ru/product--voda-distillirovannaia-reinwell-rw-02-5-l-proizvoditel-reinwell-3201/1445434101?clid=1601&utm_source=yandex&utm_medium=search&utm_campaign=ymp_offer_dp_produkti_model_bko_dyb_search_rus&utm_term=15726400%7C1445434101&utm_content=cid%3A76575669%7Cgid%3A4976393829%7Caid%3A12461296818%7Cph%3A2694189%7Cpt%3Apremium%7Cpn%3A2%7Csrc%3Anone%7Cst%3Asearch%7Crid%3A2694189%7Ccgcid%3A0&cpa=1 | O95: =J95 -> 319 | P95: =O95*F95 -> 1595 | Q95: 0.2 | R95: 0.147 | S95: =ROUND(P95*(1-Q95)*(1-R95),0) -> 1088 | T95: =S95/1.2 -> 906.66667
C96: 90 | D96: Вставка плавкая ВП2Б 3,15А | E96: шт | F96: 600 | G96: 44594 | H96: 39990 | I96: Хорошее | J96: 10 | L96: https://www.radiogorodok.com/products/predohranitel-vp2b-1-315a-keramicheskij-520mm?utm_referrer=https%3A%2F%2Fyandex.ru%2Fproducts%2Fsearch%3Ftext%3D%25D0%2592%25D1%2581%25D1%2582%25D0%25B0%25D0%25B2%25D0%25BA%25D0%25B0%2520%25D0%25BF%25D0%25BB%25D0%25B0%25D0%25B2%25D0%25BA%25D0%25B0%25D1%258F%2520%25D0%2592%25D0%259F2%25D0%2591%25203%252C15%25D0%2590 | O96: =J96 -> 10 | P96: =O96*F96 -> 6000 | Q96: 0.2 | R96: 0.147 | S96: =ROUND(P96*(1-Q96)*(1-R96),0) -> 4094 | T96: =S96/1.2 -> 3411.6667
C97: 91 | D97: Вставка плавкая ВП2Б-1В 3,15А | E97: шт | F97: 100 | G97: 44594 | H97: 6700 | I97: Хорошее | J97: 52 | L97: https://www.chipdip.ru/product/vp2b-1v-3.15a | O97: =J97 -> 52 | P97: =O97*F97 -> 5200 | Q97: 0.2 | R97: 0.147 | S97: =ROUND(P97*(1-Q97)*(1-R97),0) -> 3548 | T97: =S97/1.2 -> 2956.6667
... C146: 140 | D146: кабель ВВГнг(А) FRLS 3x1,5 | E146: м | F146: 7 | G146: 44594 | H146: 1107.4 | I146: Хорошее | J146: 55.73 | L146: https://www.etk-s.ru/katalog/kabel-provod/vvgng-frls/VVGng_A_-FRLS_3h1_5?yclid=3501609544317927423 | O146: =J146 -> 55.73 | P146: =O146*F146 -> 390.11 | Q146: 0.2 | R146: 0.147 | S146: =ROUND(P146*(1-Q146)*(1-R146),0) -> 266 | T146: =S146/1.2 -> 221.66667
C147: 141 | D147: Кабель канал 60х40х2000 | E147: м | F147: 18 | H147: 51622.62 | I147: Хорошее | J147: 567 | L147: https://market.yandex.ru/product--kabel-kanal-ekf-plast-60kh40-2000-mm/823987099?glfilter=14871214%3A14899397_101172625928&cpc=ITAf4mqZl5MdKvcaeWyw96fasFYGZsAIa6dVyEDty1dGJZd5FQDUFeE3EskILaBkM1DIHSnFBxtVPUyU1YIP11c_9kLxq3U7j4wlUKfIRs3VFk7qUrbdguHOd1Tn7TFO3faBDxC8pxE3XIa9NuDdKuDjrfi62_pwM0-XfobqvX0FmACfSAuLSLY-tSdY8AX5vO62eD_YzYzBLGA9RT3C-8GZVoR-DaEEdSF08GGr7GgDbw7lS92OFlcBJFGq24qY1OWp9ofZbce3FS0_9jLXhg%2C%2C&from-show-uid=16892426724248916868500001&sku=101172625928&do-waremd5=uKJvNZuuVDd5psRg_Bp0kQ&sponsored=1&cpa=1 | O147: =J147 -> 567 | P147: =O147*F147 -> 10206 | Q147: 0.2 | R147: 0.147 | S147: =ROUND(P147*(1-Q147)*(1-R147),0) -> 6965 | T147: =S147/1.2 -> 5804.1667
C148: 142 | D148: Кабель КВВнг(А)-LS 10*1,5 | E148: шт | F148: 20 | G148: 44594 | H148: 873.4 | I148: Хорошее | J148: 182.21 | L148: https://ltsun.ru/kvvgnga-ls/KVVGngA_LS_10_15/?utm_referrer=https%3A%2F%2Fyandex.ru%2Fproducts%2Fsearch%3Ftext%3D%25D0%259A%25D0%25B0%25D0%25B1%25D0%25B5%25D0%25BB%25D1%258C%2520%25D0%259A%25D0%25B2%25D0%25B2%25D0%25B3%25D0%25BD%25D0%25B3%2528%25D0%2590%2529-LS%252010%252A1%252C5 | O148: =J148 -> 182.21 | P148: =O148*F148 -> 3644.2 | Q148: 0.2 | R148: 0.147 | S148: =ROUND(P148*(1-Q148)*(1-R148),0) -> 2487 | T148: =S148/1.2 -> 2072.5
C149: 143 | D149: Кабель КГ 3*2,5+1+1,5 | E149: шт | F149: 6 | G149: 44594 | H149: 477.3 | I149: Хорошее | J149: 137.2 | L149: https://www.ozon.ru/product/silovoy-kabel-kghl-3-x-1-5-mm-50-m-801685320/?utm_medium=organic&utm_referrer=https%3A%2F%2Fyandex.ru%2Fproducts%2Fsearch%3Ftext%3D%25D0%259A%25D0%25B0%25D0%25B1%25D0%25B5%25D0%25BB%25D1%258C%2520%25D0%259A%25D0%2593%25203%252A2%252C5%252B1%252B1%252C5&utm_source=yandex_serp_products&sh=k6SLyNLOyQ | O149: =J149 -> 137.2 | P149: =O149*F149 -> 823.2 | Q149: 0.2 | R149: 0.147 | S149: =ROUND(P149*(1-Q149)*(1-R149),0) -> 562 | T149: =S149/1.2 -> 468.33333
C150: 144 | D150: Кабель КГH 4х16 | E150: шт | F150: 5 | G150: 44594 | H150: 111.9 | I150: Хорошее | J150: 899 | L150: https://best-vendor.ru/product/kabel-kg-4x16/?utm_referrer=https%3A%2F%2Fyandex.ru%2Fproducts%2Fsearch%3Ftext%3D%25D0%259A%25D0%25B0%25D0%25B1%25D0%25B5%25D0%25BB%25D1%258C%2520%25D0%259A%25D0%2593H%25204%25D1%258516 | O150: =J150 -> 899 | P150: =O150*F150 -> 4495 | Q150: 0.2 | R150: 0.147 | S150: =ROUND(P150*(1-Q150)*(1-R150),0) -> 3067 | T150: =S150/1.2 -> 2555.8333
C151: 145 | D151: Кабель КГВВнг(А)-LS 4х35 | E151: м | F151: 15 | G151: 43543 | H151: 16043.25 | I151: Хорошее | J151: 1812 | L151: https://cable.ru/cable/marka-kgvvng_a_ls_4x35.php?utm_campaign=search_prioritetnaya_reklama_high_priority_2_All_Rossiya_Poisk_70620618&utm_medium=cpc&utm_source=yandex&utm_term=КГВВнг%20А%20LS%204х35%20кабель%3A%2011648370625%3A%2043218412488&utm_content=ph%7C43218412488%7Ccid%7C70620618%7Cgid%7C4801590118%7Caid%7C11648370625%7CSOURCE%7Csearch%7Cnone%7CСамара%7C51%7Cdesktop%7CADV%7Cmarka-kgvvng_a_ls_4x35.php%7CКГВВнг(A)-LS%204х35-0,66%7CDETAIL%7Cpremium%7C1%7Cno%7Cnone%7C43218412488%7Cmain&utm_id=70620618&yclid=4569876893259268095 | O151: =J151 -> 1812 | P151: =O151*F151 -> 27180 | Q151: 0.2 | R151: 0.147 | S151: =ROUND(P151*(1-Q151)*(1-R151),0) -> 18548 | T151: =S151/1.2 -> 15456.667
C152: 146 | D152: Кабель КГВВнг(А)-LS 7*1 | E152: шт | F152: 120 | G152: 44594 | H152: 7701.6 | I152: Хорошее | J152: 118 | L152: https://cable.ru/cable/marka-kgvvng_a_ls_7x1_0_66.php?utm_campaign=search_prioritetnaya_reklama_5_low_priority_Rossiya_Poisk_64625315&utm_medium=cpc&utm_source=yandex&utm_term=КГВВнг%20а%20LS%207%201%3A%2011036134065%3A%2033430927774&utm_content=ph%7C33430927774%7Ccid%7C64625315%7Cgid%7C4658089667%7Caid%7C11036134065%7CSOURCE%7Csearch%7Cnone%7CСамара%7C51%7Cdesktop%7CADV%7Cmarka-kgvvng_a_ls_7x1_0_66.php%7CКГВВнг(A)-LS%207х1%7CDETAIL%7Cpremium%7C1%7Cno%7Cnone%7C33430927774%7Cmain&utm_id=64625315&yclid=15270052913750999039 | O152: =J152 -> 118 | P152: =O152*F152 -> 14160 | Q152: 0.2 | R152: 0.147 | S152: =ROUND(P152*(1-Q152)*(1-R152),0) -> 9663 | T152: =S152/1.2 -> 8052.5
C153: 147 | D153: Кабель КГВВнг(А)-LS 7*1,5 | E153: м | F153: 10 | G153: 44594 | H153: 116.2 | I153: Хорошее | J153: 142 | L153: https://samara.cable.ru/cable/marka-kgvvng_a_ls_7x1_5_0_66.php?utm_campaign=search_prioritetnaya_reklama_high_priority_2_All_Rossiya_Poisk_70620618&utm_medium=cpc&utm_source=yandex&utm_term=КГВВнг%20А%20LS%207%201%205%20кабель%3A%2011948224056%3A%2043218440637&utm_content=ph%7C43218440637%7Ccid%7C70620618%7Cgid%7C4870935779%7Caid%7C11948224056%7CSOURCE%7Csearch%7Cnone%7CСамара%7C51%7Cdesktop%7CADV%7Cmarka-kgvvng_a_ls_7x1_5_0_66.php%7CКГВВнг(A)-LS%207х1,5%7CDETAIL%7Cpremium%7C1%7Cno%7Cnone%7C43218440637%7Cmain&utm_id=70620618&yclid=15030328665877512191 | O153: =J153 -> 142 | P153: =O153*F153 -> 1420 | Q153: 0.2 | R153: 0.147 | S153: =ROUND(P153*(1-Q153)*(1-R153),0) -> 969 | T153: =S153/1.2 -> 807.5
C154: 148 | D154: Кабель КГВВнг(А)-LS 7х0,75 | E154: шт | F154: 16 | G154: 44594 | H154: 330.08 | I154: Хорошее | J154: 84.16 | L154: https://kabel-s.ru/catalog/kgvvng-ls/kgvvng-ls-7x0-75/?yclid=8376052121066012671 | O154: =J154 -> 84.16 | P154: =O154*F154 -> 1346.56 | Q154: 0.2 | R154: 0.147 | S154: =ROUND(P154*(1-Q154)*(1-R154),0) -> 919 | T154: =S154/1.2 -> 765.83333
C155: 149 | D155: Кабель КГВЭВнг(А)-LS 14*0,75 | E155: м. | F155: 250 | G155: 43465 | H155: 21750 | I155: Хорошее | J155: 180 | L155: https://samara.cable.ru/cable/marka-kgvevng_a_ls_14x0_75.php?utm_campaign=search_prioritetnaya_reklama_5_low_priority_Rossiya_Poisk_64625315&utm_medium=cpc&utm_source=yandex&utm_term=КГВЭВнг+а+LS+14+0+75%3A+11036134665%3A+38262822769&utm_content=ph%7C38262822769%7Ccid%7C64625315%7Cgid%7C4658089759%7Caid%7C11036134665%7CSOURCE%7Csearch%7Cnone%7CСамара%7C51%7Cdesktop%7CADV%7Cmarka-kgvevng_a_ls_14x0_75.php%7CКГВЭВнг%28A%29-LS+14х0%2C75%7CDETAIL%7Cpremium%7C2%7Cno%7Cnone%7C38262822769%7Cmain&utm_id=64625315&yclid=10650468704408567807 | O155: =J155 -> 180 | P155: =O155*F155 -> 45000 | Q155: 0.2 | R155: 0.147 | S155: =ROUND(P155*(1-Q155)*(1-R155),0) -> 30708 | T155: =S155/1.2 -> 25590
C156: 150 | D156: Кабель КГВЭВнг(А)-LS 3*0,75 | E156: шт | F156: 55 | G156: 44594 | H156: 1060 | I156: Хорошее | J156: 45.16 | L156: https://samara.cable.ru/cable/marka-kgvevng_a_ls_3x0_75.php?utm_campaign=search_prioritetnaya_reklama_high_priority_2_All_Rossiya_Poisk_70620618&utm_medium=cpc&utm_source=yandex&utm_term=КГВЭВнг+А+LS+3+0+75+кабель%3A+11948224059%3A+43218440783&utm_content=ph%7C43218440783%7Ccid%7C70620618%7Cgid%7C4870935780%7Caid%7C11948224059%7CSOURCE%7Csearch%7Cnone%7CСамара%7C51%7Cdesktop%7CADV%7Cmarka-kgvevng_a_ls_3x0_75.php%7CКГВЭВнг%28A%29-LS+3х0%2C75%7CDETAIL%7Cpremium%7C1%7Cno%7Cnone%7C43218440783%7Cmain&utm_id=70620618&yclid=5324797010526076927 | O156: =J156 -> 45.16 | P156: =O156*F156 -> 2483.8 | Q156: 0.2 | R156: 0.147 | S156: =ROUND(P156*(1-Q156)*(1-R156),0) -> 1695 | T156: =S156/1.2 -> 1412.5
C157: 151 | D157: Кабель КГВЭВнг(А)-LS 4*0,75 | E157: м | F157: 590 | G157: 44594 | H157: 11494.76 | I157: Хорошее | J157: 58.94 | L157: https://samara.cable.ru/cable/marka-kgvevng_a_ls_4x0_75.php?utm_campaign=search_prioritetnaya_reklama_high_priority_2_All_Rossiya_Poisk_70620618&utm_medium=cpc&utm_source=yandex&utm_term=КГВЭВнг+А+LS+4+0+75%3A+11948224062%3A+37579295683&utm_content=ph%7C37579295683%7Ccid%7C70620618%7Cgid%7C4870935781%7Caid%7C11948224062%7CSOURCE%7Csearch%7Cnone%7CСамара%7C51%7Cdesktop%7CADV%7Cmarka-kgvevng_a_ls_4x0_75.php%7CКГВЭВнг%28A%29-LS+4х0%2C75%7CDETAIL%7Cpremium%7C1%7Cno%7Cnone%7C37579295683%7Cmain&utm_id=70620618&yclid=6789582237395320831 | O157: =J157 -> 58.94 | P157: =O157*F157 -> 34774.6 | Q157: 0.2 | R157: 0.147 | S157: =ROUND(P157*(1-Q157)*(1-R157),0) -> 23730 | T157: =S157/1.2 -> 19775
C158: 152 | D158: Кабель КИПвЭВнг-LS 4x2x0.78 | E158: м | F158: 7 | G158: 44594 | H158: 1515.5 | I158: Хорошее | J158: 432 | L158: https://samara.cable.ru/cable/marka-kipvevng_a_ls_4x2x0_78.php | O158: =J158 -> 432 | P158: =O158*F158 -> 3024 | Q158: 0.2 | R158: 0.147 | S158: =ROUND(P158*(1-Q158)*(1-R158),0) -> 2064 | T158: =S158/1.2 -> 1720
C159: 153 | D159: Кабель КИПвЭВнг-LS 5x2x0.78 | E159: м | F159: 16 | G159: 44594 | H159: 1280 | I159: Хорошее | J159: 142.26 | L159: https://kabel-s.ru/catalog/kipvevng-ls/kipvevng-ls-5x2x0-78/ | O159: =J159 -> 142.26 | P159: =O159*F159 -> 2276.16 | Q159: 0.2 | R159: 0.147 | S159: =ROUND(P159*(1-Q159)*(1-R159),0) -> 1553 | T159: =S159/1.2 -> 1294.1667
... C221: 215 | D221: кожух DP-9C cover (удлиненные винты) | E221: м | F221: 20 | G221: 44594 | H221: 38140 | I221: Хорошее | J221: 19 | L221: https://olnisa.ru/manufacturers/kls-electronic/razemy/kozhux-dp-9c-cover-udlinennye-vinty/ | O221: =J221 -> 19 | P221: =O221*F221 -> 380 | Q221: 0.2 | R221: 0.147 | S221: =ROUND(P221*(1-Q221)*(1-R221),0) -> 259 | T221: =S221/1.2 -> 215.83333
C222: 216 | D222: Кожух защита Лоджика | E222: шт | F222: 92 | G222: 44594 | H222: 76055.76 | I222: Хорошее | M222: 2022 | N222: =Индексы!AC28 -> 0.97 | P222: =H222*N222*1.2 -> 88528.905 | Q222: 0.2 | R222: 0.147 | S222: =ROUND(P222*(1-Q222)*(1-R222),0) -> 60412 | T222: =S222/1.2 -> 50343.333
C223: 217 | D223: комплект держателей перфокороба R5DPC22 DKC | E223: шт | F223: 200 | G223: 44594 | H223: 16096 | I223: Хорошее | M223: 2022 | N223: =N222 -> 0.97 | P223: =H223*N223*1.2 -> 18735.744 | Q223: 0.2 | R223: 0.147 | S223: =ROUND(P223*(1-Q223)*(1-R223),0) -> 12785 | T223: =S223/1.2 -> 10654.167
C224: 218 | D224: Контакт A9A26476 | E224: шт | F224: 2 | G224: 44594 | H224: 2446 | I224: Хорошее | J224: 6608 | L224: https://schneider-russia.com/avtomaty-dify-uzo/dop-oborudovanie/imx-rascepitel-100-415v-as-akti-9 | O224: =J224 -> 6608 | P224: =O224*F224 -> 13216 | Q224: 0.2 | R224: 0.147 | S224: =ROUND(P224*(1-Q224)*(1-R224),0) -> 9019 | T224: =S224/1.2 -> 7515.8333
C225: 219 | D225: контакт дополнительный 1NC 8LM2TC01 (75081123) LOVATO | E225: шт | F225: 20 | G225: 44594 | H225: 2757 | I225: Хорошее | J225: 590 | L225: https://www.chipdip.ru/product0/8017318766 | O225: =J225 -> 590 | P225: =O225*F225 -> 11800 | Q225: 0.2 | R225: 0.147 | S225: =ROUND(P225*(1-Q225)*(1-R225),0) -> 8052 | T225: =S225/1.2 -> 6710
C226: 220 | D226: Контактор 3P,200А, LC1E200M5 | E226: шт | F226: 1 | H226: 16448 | I226: Хорошее | J226: 49847 | L226: https://samara.schneider-russia.com/avtomaty-dify-uzo/kontaktory/kontaktor-schneider-electric-easypact-tvs-3p-200a-400220v-ac | O226: =J226 -> 49847 | P226: =O226*F226 -> 49847 | Q226: 0.2 | R226: 0.147 | S226: =ROUND(P226*(1-Q226)*(1-R226),0) -> 34016 | T226: =S226/1.2 -> 28346.667
C227: 221 | D227: Контактор 3P,250А, LC1E250M5 | E227: шт | F227: 1 | H227: 40492 | I227: Хорошее | J227: 40536 | L227: https://tek-el.ru/item/583346?utm_source=yandex&utm_medium=cpc&utm_campaign=54229998&utm_content=4916462750%7C12158875346%7C38915709091&utm_term=LC1E250M5&added=no&block=premium&pos=1&device=desktop&yclid=1019871227903999999 | O227: =J227 -> 40536 | P227: =O227*F227 -> 40536 | Q227: 0.2 | R227: 0.147 | S227: =ROUND(P227*(1-Q227)*(1-R227),0) -> 27662 | T227: =S227/1.2 -> 23051.667
C228: 222 | D228: Контактор 3P,500А, 220V LC1F500M7 | E228: шт | F228: 1 | H228: 5085 | I228: Хорошее | J228: 325200 | L228: https://schneider-store.ru/puskoreguliruyushchaya-apparatura/SCLC1F500M7/ | O228: =J228 -> 325200 | P228: =O228*F228 -> 325200 | Q228: 0.2 | R228: 0.147 | S228: =ROUND(P228*(1-Q228)*(1-R228),0) -> 221916 | T228: =S228/1.2 -> 184930
...

Sheet Индексы
B2: год | C2: 1998 | D2: 1999 | E2: 2000 | F2: 2001 | G2: 2002 | H2: 2003 | I2: 2004 | J2: 2005 | K2: 2006 | L2: 2007 | M2: 2008 | N2: 2009 | O2: 2010 | P2: 2011 | Q2: 2012 | R2: 2013 | S2: 2014 | T2: 2015 | U2: 2016 | V2: 2017 | W2: 2018 | X2: 2019 | Y2: 2020 | Z2: 2021 | AA2: 2022 | AB2: 2023 | AC2: Индекс удорожания за период
B3: Индекс | C3: 119.4 | D3: 170.7 | E3: 131.9 | F3: 108.3 | G3: 117.7 | H3: 112.5 | I3: 128.8 | J3: 113.4 | K3: 110.4 | L3: 125.1 | M3: 93 | N3: 113.9 | O3: 116.7 | P3: 112 | Q3: 105.1 | R3: 103.7 | S3: 105.9 | T3: 110.7 | U3: 107.4 | V3: 108.4 | W3: 111.7 | X3: 95.7 | Y3: 103.6 | Z3: 128.5 | AA3: 96.7 | AB3: 108.9
B4: 1998 | C4: =C3/100 -> 1.194 | D4: =$D$3/100 -> 1.707 | E4: =$E$3/100 -> 1.319 | F4: =$F$3/100 -> 1.083 | G4: =$G$3/100 -> 1.177 | H4: =$H$3/100 -> 1.125 | I4: =$I$3/100 -> 1.288 | J4: =$J$3/100 -> 1.134 | K4: =$K$3/100 -> 1.104 | L4: =$L$3/100 -> 1.251 | M4: =$M$3/100 -> 0.93 | N4: =$N$3/100 -> 1.139 | O4: =$O$3/100 -> 1.167 | P4: =$P$3/100 -> 1.12 | Q4: =$Q$3/100 -> 1.051 | R4: =$R$3/100 -> 1.037 | S4: =$S$3/100 -> 1.059 | T4: =$T$3/100 -> 1.107 | U4: =$U$3/100 -> 1.074 | V4: =$V$3/100 -> 1.084 | W4: =$W$3/100 -> 1.117 | X4: =$X$3/100 -> 0.957 | Y4: =$Y$3/100 -> 1.036 | Z4: =$Z$3/100 -> 1.285 | AA4: =$AA$3/100 -> 0.967 | AB4: =$AB$3/100 -> 1.089 | AC4: =ROUND(PRODUCT(C4:AA4),2) -> 22.04
B5: 1999 | D5: =$D$3/100 -> 1.707 | E5: =$E$3/100 -> 1.319 | F5: =$F$3/100 -> 1.083 | G5: =$G$3/100 -> 1.177 | H5: =$H$3/100 -> 1.125 | I5: =$I$3/100 -> 1.288 | J5: =$J$3/100 -> 1.134 | K5: =$K$3/100 -> 1.104 | L5: =$L$3/100 -> 1.251 | M5: =$M$3/100 -> 0.93 | N5: =$N$3/100 -> 1.139 | O5: =$O$3/100 -> 1.167 | P5: =$P$3/100 -> 1.12 | Q5: =$Q$3/100 -> 1.051 | R5: =$R$3/100 -> 1.037 | S5: =$S$3/100 -> 1.059 | T5: =$T$3/100 -> 1.107 | U5: =$U$3/100 -> 1.074 | V5: =$V$3/100 -> 1.084 | W5: =$W$3/100 -> 1.117 | X5: =$X$3/100 -> 0.957 | Y5: =$Y$3/100 -> 1.036 | Z5: =$Z$4 -> 1.285 | AA5: =$AA$3/100 -> 0.967 | AB5: =$AB$3/100 -> 1.089 | AC5: =ROUND(PRODUCT(C5:AA5),2) -> 18.46
B6: 2000 | E6: =$E$3/100 -> 1.319 | F6: =$F$3/100 -> 1.083 | G6: =$G$3/100 -> 1.177 | H6: =$H$3/100 -> 1.125 | I6: =$I$3/100 -> 1.288 | J6: =$J$3/100 -> 1.134 | K6: =$K$3/100 -> 1.104 | L6: =$L$3/100 -> 1.251 | M6: =$M$3/100 -> 0.93 | N6: =$N$3/100 -> 1.139 | O6: =$O$3/100 -> 1.167 | P6: =$P$3/100 -> 1.12 | Q6: =$Q$3/100 -> 1.051 | R6: =$R$3/100 -> 1.037 | S6: =$S$3/100 -> 1.059 | T6: =$T$3/100 -> 1.107 | U6: =$U$3/100 -> 1.074 | V6: =$V$3/100 -> 1.084 | W6: =$W$3/100 -> 1.117 | X6: =$X$3/100 -> 0.957 | Y6: =$Y$3/100 -> 1.036 | Z6: =$Z$4 -> 1.285 | AA6: =$AA$3/100 -> 0.967 | AB6: =$AB$3/100 -> 1.089 | AC6: =ROUND(PRODUCT(C6:AA6),2) -> 10.81
B7: 2001 | F7: =$F$3/100 -> 1.083 | G7: =$G$3/100 -> 1.177 | H7: =$H$3/100 -> 1.125 | I7: =$I$3/100 -> 1.288 | J7: =$J$3/100 -> 1.134 | K7: =$K$3/100 -> 1.104 | L7: =$L$3/100 -> 1.251 | M7: =$M$3/100 -> 0.93 | N7: =$N$3/100 -> 1.139 | O7: =$O$3/100 -> 1.167 | P7: =$P$3/100 -> 1.12 | Q7: =$Q$3/100 -> 1.051 | R7: =$R$3/100 -> 1.037 | S7: =$S$3/100 -> 1.059 | T7: =$T$3/100 -> 1.107 | U7: =$U$3/100 -> 1.074 | V7: =$V$3/100 -> 1.084 | W7: =$W$3/100 -> 1.117 | X7: =$X$3/100 -> 0.957 | Y7: =$Y$3/100 -> 1.036 | Z7: =$Z$4 -> 1.285 | AA7: =$AA$3/100 -> 0.967 | AB7: =$AB$3/100 -> 1.089 | AC7: =ROUND(PRODUCT(C7:AA7),2) -> 8.2
B8: 2002 | G8: =$G$3/100 -> 1.177 | H8: =$H$3/100 -> 1.125 | I8: =$I$3/100 -> 1.288 | J8: =$J$3/100 -> 1.134 | K8: =$K$3/100 -> 1.104 | L8: =$L$3/100 -> 1.251 | M8: =$M$3/100 -> 0.93 | N8: =$N$3/100 -> 1.139 | O8: =$O$3/100 -> 1.167 | P8: =$P$3/100 -> 1.12 | Q8: =$Q$3/100 -> 1.051 | R8: =$R$3/100 -> 1.037 | S8: =$S$3/100 -> 1.059 | T8: =$T$3/100 -> 1.107 | U8: =$U$3/100 -> 1.074 | V8: =$V$3/100 -> 1.084 | W8: =$W$3/100 -> 1.117 | X8: =$X$3/100 -> 0.957 | Y8: =$Y$3/100 -> 1.036 | Z8: =$Z$4 -> 1.285 | AA8: =$AA$3/100 -> 0.967 | AB8: =$AB$3/100 -> 1.089 | AC8: =ROUND(PRODUCT(C8:AA8),2) -> 7.57
B9: 2003 | H9: =$H$3/100 -> 1.125 | I9: =$I$3/100 -> 1.288 | J9: =$J$3/100 -> 1.134 | K9: =$K$3/100 -> 1.104 | L9: =$L$3/100 -> 1.251 | M9: =$M$3/100 -> 0.93 | N9: =$N$3/100 -> 1.139 | O9: =$O$3/100 -> 1.167 | P9: =$P$3/100 -> 1.12 | Q9: =$Q$3/100 -> 1.051 | R9: =$R$3/100 -> 1.037 | S9: =$S$3/100 -> 1.059 | T9: =$T$3/100 -> 1.107 | U9: =$U$3/100 -> 1.074 | V9: =$V$3/100 -> 1.084 | W9: =$W$3/100 -> 1.117 | X9: =$X$3/100 -> 0.957 | Y9: =$Y$3/100 -> 1.036 | Z9: =$Z$4 -> 1.285 | AA9: =$AA$3/100 -> 0.967 | AB9: =$AB$3/100 -> 1.089 | AC9: =ROUND(PRODUCT(C9:AA9),2) -> 6.43
B10: 2004 | I10: =$I$3/100 -> 1.288 | J10: =$J$3/100 -> 1.134 | K10: =$K$3/100 -> 1.104 | L10: =$L$3/100 -> 1.251 | M10: =$M$3/100 -> 0.93 | N10: =$N$3/100 -> 1.139 | O10: =$O$3/100 -> 1.167 | P10: =$P$3/100 -> 1.12 | Q10: =$Q$3/100 -> 1.051 | R10: =$R$3/100 -> 1.037 | S10: =$S$3/100 -> 1.059 | T10: =$T$3/100 -> 1.107 | U10: =$U$3/100 -> 1.074 | V10: =$V$3/100 -> 1.084 | W10: =$W$3/100 -> 1.117 | X10: =$X$3/100 -> 0.957 | Y10: =$Y$3/100 -> 1.036 | Z10: =$Z$4 -> 1.285 | AA10: =$AA$3/100 -> 0.967 | AB10: =$AB$3/100 -> 1.089 | AC10: =ROUND(PRODUCT(C10:AA10),2) -> 5.72
B11: 2005 | J11: =$J$3/100 -> 1.134 | K11: =$K$3/100 -> 1.104 | L11: =$L$3/100 -> 1.251 | M11: =$M$3/100 -> 0.93 | N11: =$N$3/100 -> 1.139 | O11: =$O$3/100 -> 1.167 | P11: =$P$3/100 -> 1.12 | Q11: =$Q$3/100 -> 1.051 | R11: =$R$3/100 -> 1.037 | S11: =$S$3/100 -> 1.059 | T11: =$T$3/100 -> 1.107 | U11: =$U$3/100 -> 1.074 | V11: =$V$3/100 -> 1.084 | W11: =$W$3/100 -> 1.117 | X11: =$X$3/100 -> 0.957 | Y11: =$Y$3/100 -> 1.036 | Z11: =$Z$4 -> 1.285 | AA11: =$AA$3/100 -> 0.967 | AB11: =$AB$3/100 -> 1.089 | AC11: =ROUND(PRODUCT(C11:AA11),2) -> 4.44
B12: 2006 | K12: =$K$3/100 -> 1.104 | L12: =$L$3/100 -> 1.251 | M12: =$M$3/100 -> 0.93 | N12: =$N$3/100 -> 1.139 | O12: =$O$3/100 -> 1.167 | P12: =$P$3/100 -> 1.12 | Q12: =$Q$3/100 -> 1.051 | R12: =$R$3/100 -> 1.037 | S12: =$S$3/100 -> 1.059 | T12: =$T$3/100 -> 1.107 | U12: =$U$3/100 -> 1.074 | V12: =$V$3/100 -> 1.084 | W12: =$W$3/100 -> 1.117 | X12: =$X$3/100 -> 0.957 | Y12: =$Y$3/100 -> 1.036 | Z12: =$Z$4 -> 1.285 | AA12: =$AA$3/100 -> 0.967 | AB12: =$AB$3/100 -> 1.089 | AC12: =ROUND(PRODUCT(C12:AA12),2) -> 3.91
B13: 2007 | L13: =$L$3/100 -> 1.251 | M13: =$M$3/100 -> 0.93 | N13: =$N$3/100 -> 1.139 | O13: =$O$3/100 -> 1.167 | P13: =$P$3/100 -> 1.12 | Q13: =$Q$3/100 -> 1.051 | R13: =$R$3/100 -> 1.037 | S13: =$S$3/100 -> 1.059 | T13: =$T$3/100 -> 1.107 | U13: =$U$3/100 -> 1.074 | V13: =$V$3/100 -> 1.084 | W13: =$W$3/100 -> 1.117 | X13: =$X$3/100 -> 0.957 | Y13: =$Y$3/100 -> 1.036 | Z13: =$Z$4 -> 1.285 | AA13: =$AA$3/100 -> 0.967 | AB13: =$AB$3/100 -> 1.089 | AC13: =ROUND(PRODUCT(C13:AA13),2) -> 3.55
B14: 2008 | M14: =$M$3/100 -> 0.93 | N14: =$N$3/100 -> 1.139 | O14: =$O$3/100 -> 1.167 | P14: =$P$3/100 -> 1.12 | Q14: =$Q$3/100 -> 1.051 | R14: =$R$3/100 -> 1.037 | S14: =$S$3/100 -> 1.059 | T14: =$T$3/100 -> 1.107 | U14: =$U$3/100 -> 1.074 | V14: =$V$3/100 -> 1.084 | W14: =$W$3/100 -> 1.117 | X14: =$X$3/100 -> 0.957 | Y14: =$Y$3/100 -> 1.036 | Z14: =$Z$4 -> 1.285 | AA14: =$AA$3/100 -> 0.967 | AB14: =$AB$3/100 -> 1.089 | AC14: =ROUND(PRODUCT(C14:AA14),2) -> 2.83
B15: 2009 | N15: =$N$3/100 -> 1.139 | O15: =$O$3/100 -> 1.167 | P15: =$P$3/100 -> 1.12 | Q15: =$Q$3/100 -> 1.051 | R15: =$R$3/100 -> 1.037 | S15: =$S$3/100 -> 1.059 | T15: =$T$3/100 -> 1.107 | U15: =$U$3/100 -> 1.074 | V15: =$V$3/100 -> 1.084 | W15: =$W$3/100 -> 1.117 | X15: =$X$3/100 -> 0.957 | Y15: =$Y$3/100 -> 1.036 | Z15: =$Z$4 -> 1.285 | AA15: =$AA$3/100 -> 0.967 | AB15: =$AB$3/100 -> 1.089 | AC15: =ROUND(PRODUCT(C15:AA15),2) -> 3.05
B16: 2010 | O16: =$O$3/100 -> 1.167 | P16: =$P$3/100 -> 1.12 | Q16: =$Q$3/100 -> 1.051 | R16: =$R$3/100 -> 1.037 | S16: =$S$3/100 -> 1.059 | T16: =$T$3/100 -> 1.107 | U16: =$U$3/100 -> 1.074 | V16: =$V$3/100 -> 1.084 | W16: =$W$3/100 -> 1.117 | X16: =$X$3/100 -> 0.957 | Y16: =$Y$3/100 -> 1.036 | Z16: =$Z$4 -> 1.285 | AA16: =$AA$3/100 -> 0.967 | AB16: =$AB$3/100 -> 1.089 | AC16: =ROUND(PRODUCT(C16:AA16),2) -> 2.68
B17: 2011 | P17: =$P$3/100 -> 1.12 | Q17: =$Q$3/100 -> 1.051 | R17: =$R$3/100 -> 1.037 | S17: =$S$3/100 -> 1.059 | T17: =$T$3/100 -> 1.107 | U17: =$U$3/100 -> 1.074 | V17: =$V$3/100 -> 1.084 | W17: =$W$3/100 -> 1.117 | X17: =$X$3/100 -> 0.957 | Y17: =$Y$3/100 -> 1.036 | Z17: =$Z$4 -> 1.285 | AA17: =$AA$3/100 -> 0.967 | AB17: =$AB$3/100 -> 1.089 | AC17: =ROUND(PRODUCT(C17:AA17),2) -> 2.29
B18: 2012 | Q18: =$Q$3/100 -> 1.051 | R18: =$R$3/100 -> 1.037 | S18: =$S$3/100 -> 1.059 | T18: =$T$3/100 -> 1.107 | U18: =$U$3/100 -> 1.074 | V18: =$V$3/100 -> 1.084 | W18: =$W$3/100 -> 1.117 | X18: =$X$3/100 -> 0.957 | Y18: =$Y$3/100 -> 1.036 | Z18: =$Z$4 -> 1.285 | AA18: =$AA$3/100 -> 0.967 | AB18: =$AB$3/100 -> 1.089 | AC18: =ROUND(PRODUCT(C18:AA18),2) -> 2.05
B19: 2013 | R19: =$R$3/100 -> 1.037 | S19: =$S$3/100 -> 1.059 | T19: =$T$3/100 -> 1.107 | U19: =$U$3/100 -> 1.074 | V19: =$V$3/100 -> 1.084 | W19: =$W$3/100 -> 1.117 | X19: =$X$3/100 -> 0.957 | Y19: =$Y$3/100 -> 1.036 | Z19: =$Z$4 -> 1.285 | AA19: =$AA$3/100 -> 0.967 | AB19: =$AB$3/100 -> 1.089 | AC19: =ROUND(PRODUCT(C19:AA19),2) -> 1.95
B20: 2014 | S20: =$S$3/100 -> 1.059 | T20: =$T$3/100 -> 1.107 | U20: =$U$3/100 -> 1.074 | V20: =$V$3/100 -> 1.084 | W20: =$W$3/100 -> 1.117 | X20: =$X$3/100 -> 0.957 | Y20: =$Y$3/100 -> 1.036 | Z20: =$Z$4 -> 1.285 | AA20: =$AA$3/100 -> 0.967 | AB20: =$AB$3/100 -> 1.089 | AC20: =ROUND(PRODUCT(C20:AA20),2) -> 1.88
B21: 2015 | T21: =$T$3/100 -> 1.107 | U21: =$U$3/100 -> 1.074 | V21: =$V$3/100 -> 1.084 | W21: =$W$3/100 -> 1.117 | X21: =$X$3/100 -> 0.957 | Y21: =$Y$3/100 -> 1.036 | Z21: =$Z$4 -> 1.285 | AA21: =$AA$3/100 -> 0.967 | AB21: =$AB$3/100 -> 1.089 | AC21: =ROUND(PRODUCT(C21:AA21),2) -> 1.77
B22: 2016 | U22: =$U$3/100 -> 1.074 | V22: =$V$3/100 -> 1.084 | W22: =$W$3/100 -> 1.117 | X22: =$X$3/100 -> 0.957 | Y22: =$Y$3/100 -> 1.036 | Z22: =$Z$4 -> 1.285 | AA22: =$AA$3/100 -> 0.967 | AB22: =$AB$3/100 -> 1.089 | AC22: =ROUND(PRODUCT(C22:AA22),2) -> 1.6
B23: 2017 | V23: =$V$3/100 -> 1.084 | W23: =$W$3/100 -> 1.117 | X23: =$X$3/100 -> 0.957 | Y23: =$Y$3/100 -> 1.036 | Z23: =$Z$4 -> 1.285 | AA23: =$AA$3/100 -> 0.967 | AB23: =$AB$3/100 -> 1.089 | AC23: =ROUND(PRODUCT(C23:AA23),2) -> 1.49
B24: 2018 | W24: =$W$3/100 -> 1.117 | X24: =$X$3/100 -> 0.957 | Y24: =$Y$3/100 -> 1.036 | Z24: =$Z$4 -> 1.285 | AA24: =$AA$3/100 -> 0.967 | AB24: =$AB$3/100 -> 1.089 | AC24: =ROUND(PRODUCT(C24:AA24),2) -> 1.38
B25: 2019 | X25: =$X$3/100 -> 0.957 | Y25: =$Y$3/100 -> 1.036 | Z25: =$Z$4 -> 1.285 | AA25: =$AA$3/100 -> 0.967 | AB25: =$AB$3/100 -> 1.089 | AC25: =ROUND(PRODUCT(C25:AA25),2) -> 1.23
B26: 2020 | Y26: =$Y$3/100 -> 1.036 | Z26: =Z25 -> 1.285 | AA26: =$AA$3/100 -> 0.967 | AB26: =$AB$3/100 -> 1.089 | AC26: =ROUND(PRODUCT(C26:AA26),2) -> 1.29
B27: 2021 | Z27: =Z26 -> 1.285 | AA27: =$AA$3/100 -> 0.967 | AB27: =$AB$3/100 -> 1.089 | AC27: =ROUND(PRODUCT(C27:AA27),2) -> 1.24
B28: 2022 | AA28: =$AA$3/100 -> 0.967 | AB28: =$AB$3/100 -> 1.089 | AC28: =ROUND(PRODUCT(C28:AA28),2) -> 0.97
B29: 2023 | AC29: =ROUND(PRODUCT(C29:AA29),2) -> 0
T43: 43131
T44: 43780
T45: 43152
E50: Обновлено 05.03.2021
E52: Индексы цен производителей промышленных товаров1) по Российской Федеpации в 2013-2020г.
E53: на конец периода, в %
F54: 2013 | G54: 2014 | H54: 2015 | I54: 2016 | J54: 2017 | K54: 2018 | L54: 2019 | M54: 2020
E55: К предыдущему месяцу
E56: Январь | F56: 99.9 | G56: 100.4 | H56: 101.9 | I56: 98.4 | J56: 103.26 | K56: 100.23 | L56: 97.98 | M56: 101.18 | O56: =L56/100 -> 0.9798
E57: Февраль | F57: 100.7 | G57: 99.6 | H57: 102.1 | I57: 98.8 | J57: 100.8 | K57: 100.92 | L57: 100.14 | M57: 99.35 | O57: =L57/100 -> 1.0014
E58: Март | F58: 100.5 | G58: 102.5 | H58: 105.8 | I58: 103 | J58: 99.73 | K58: 99.13 | L58: 100.85 | M58: 98.65 | O58: =L58/100 -> 1.0085
E59: Апрель | F59: 98.6 | G59: 100.6 | H59: 102.7 | I59: 101.9 | J59: 98.49 | K59: 101.22 | L59: 100.45 | M59: 92.82 | O59: =L59/100 -> 1.0045
E60: Май | F60: 98.8 | G60: 100.5 | H60: 98.7 | I60: 101.1 | J60: 99.52 | K60: 103.91 | L60: 101.81 | M60: 97.21 | O60: =L60/100 -> 1.0181
E61: Июнь | F61: 100.4 | G61: 100.8 | H61: 100.8 | I61: 102.6 | J61: 99.69 | K61: 103.42 | L61: 99.44 | M61: 106.11 | O61: =L61/100 -> 0.9944
E62: Август | F62: 102.6 | G62: 100 | H62: 100.4 | I62: 98.7 | J62: 101.51 | K62: 100.22 | L62: 99.44 | M62: 101.02 | O62: =L62/100 -> 0.9944
E63: Сентябрь | F63: 101.3 | G63: 99.2 | H63: 99 | I63: 100.4 | J63: 102.41 | K63: 101.34 | L63: 99.73 | M63: 100.65 | O63: =L63/100 -> 0.9973
E64: Октябрь | F64: 98.9 | G64: 100.5 | H64: 101.9 | I64: 100.4 | J64: 101.16 | K64: 103.25 | L64: 99.77 | M64: 100.32 | O64: =L64/100 -> 0.9977
E65: Ноябрь | F65: 98.6 | G65: 99.5 | H65: 99.3 | I65: 100.5 | J65: 100.86 | K65: 100.68 | L65: 99.16 | M65: 101.01
E66: Декабрь | F66: 101.2 | G66: 101 | H66: 97.7 | I66: 100.9 | J66: 101.24 | K66: 96.71 | L66: 99.61 | M66: 101.46
E67: Декабрь в % к декабрю предыдущего года | F67: 103.46 | G67: 106.28 | H67: 112.14 | I67: 107.45 | J67: 108.37 | K67: 111.71 | L67: 95.74 | M67: 103.56 | O67: =O56*O57*O58*O59*O60*O61*#REF!*O62*O63*O64 -> #REF!
E69: 1) На товары, предназначенные для реализации на внутреннем рынке.
E71: https://rosstat.gov.ru/storage/mediabank/MnPNkLA4/tab-prom-okved2.htm
E75: Индексы цен производителей промышленных товаров1) по Российской Федеpации в 1998-2016гг.
E76: на конец периода, в %
F77: 1998 | G77: 1999 | H77: 2000 | I77: 2001 | J77: 2002 | K77: 2003 | L77: 2004 | M77: 2005 | N77: 2006 | O77: 2007 | P77: 2008 | Q77: 2009 | R77: 2010 | S77: 2011 | T77: 2012 | U77: 2013 | V77: 2014 | W77: 2015 | X77: 2016
E78: К предыдущему месяцу
E79: Январь | F79: 100.79 | G79: 107.24 | H79: 104.31 | I79: 101.32 | J79: 100.21 | K79: 100.52 | L79: 103.99 | M79: 100.48 | N79: 100.51 | O79: 101.89 | P79: 101.6 | Q79: 96.62 | R79: 98.94 | S79: 102.15 | T79: 99.77 | U79: 99.57 | V79: 100.44 | W79: 101.32 | X79: 98.61
E80: Февраль | F80: 100.66 | G80: 105.28 | H80: 103.14 | I80: 101.1 | J80: 99.49 | K80: 101.58 | L80: 103.35 | M80: 101.27 | N80: 103.29 | O80: 99.88 | P80: 100.65 | Q80: 105.09 | R80: 101.99 | S80: 103.36 | T80: 101.05 | U80: 100.78 | V80: 99.58 | W80: 102.12 | X80: 98.42
E81: Март | F81: 99.36 | G81: 104.05 | H81: 102.24 | I81: 100.69 | J81: 100.02 | K81: 101.41 | L81: 101.32 | M81: 102.48 | N81: 102.07 | O81: 99.96 | P81: 100.73 | Q81: 102.85 | R81: 101.81 | S81: 101.36 | T81: 102.15 | U81: 100.5 | V81: 102.27 | W81: 105.5 | X81: 103.12
E82: Апрель | F82: 99.88 | G82: 104.43 | H82: 101.68 | I82: 100.8 | J82: 102.07 | K82: 101.05 | L82: 102.14 | M82: 102.49 | N82: 100.57 | O82: 104.31 | P82: 104.52 | Q82: 102.44 | R82: 103.17 | S82: 101.97 | T82: 100.68 | U82: 98.8 | V82: 100.73 | W82: 102.67 | X82: 102.6
E83: Май | F83: 98.67 | G83: 103.88 | H83: 101.69 | I83: 101.06 | J83: 102.17 | K83: 100.06 | L83: 102.07 | M83: 102.68 | N83: 101.83 | O83: 105.35 | P83: 103.53 | Q83: 100.64 | R83: 102.72 | S83: 101.05 | T83: 97.62 | U83: 99.04 | V83: 100.42 | W83: 98.77 | X83: 100.97
E84: Июнь | F84: 99.68 | G84: 103.22 | H84: 102.44 | I84: 102.53 | J84: 103 | K84: 100.37 | L84: 102.82 | M84: 100.06 | N84: 100.78 | O84: 102.51 | P84: 104.93 | Q84: 102.15 | R84: 96.9 | S84: 97.73 | T84: 99.15 | U84: 100.41 | V84: 100.81 | W84: 100.7 | X84: 102.66
E85: Июль | F85: 98.44 | G85: 104.68 | H85: 102.83 | I85: 100.51 | J85: 102.59 | K85: 102.23 | L85: 101.15 | M85: 100.54 | N85: 101.75 | O85: 100.72 | P85: 105.36 | Q85: 101.79 | R85: 100.61 | S85: 98.17 | T85: 98.88 | U85: 102.03 | V85: 101.63 | W85: 101.45 | X85: 100.14
E86: Август | F86: 97.78 | G86: 104.49 | H86: 101.8 | I86: 99.98 | J86: 101.95 | K86: 101.8 | L86: 101.84 | M86: 102 | N86: 102.16 | O86: 102.05 | P86: 100.48 | Q86: 101.43 | R86: 103.28 | S86: 103.26 | T86: 105.13 | U86: 102.82 | V86: 99.99 | W86: 100.13 | X86: 98.63
E87: Декабрь | F87: 104.47 | G87: 102.52 | H87: 101.07 | I87: 99.68 | J87: 100.14 | K87: 100.49 | L87: 100.09 | M87: 97.89 | N87: 100.97 | O87: 103.71 | P87: 92.41 | Q87: 100.5 | R87: 100.99 | S87: 100.16 | T87: 98.9 | U87: 101.03 | V87: 100.75 | W87: 97.79 | X87: 100.57
E88: Декабрь в % к декабрю предыдущего года | F88: 119.39 | G88: 170.65 | H88: 131.92 | I88: 108.33 | J88: 117.65 | K88: 112.54 | L88: 128.83 | M88: 113.35 | N88: 110.37 | O88: 125.07 | P88: 93 | Q88: 113.85 | R88: 116.66 | S88: 112.01 | T88: 105.14 | U88: 103.69 | V88: 105.85 | W88: 110.66 | X88: 107.41
E90: 1) На товары, предназначенные для реализации на внутреннем рынке.
E119: \
N156: https://rosstat.gov.ru/storage/mediabank/7_26-01-2022.html
E231: https://rosstat.gov.ru/storage/mediabank/6_25-01-2023.html
D287: https://rosstat.gov.ru/storage/mediabank/111_19-07-2023.html
D311: https://rosstat.gov.ru/storage/mediabank/210_21-12-2022.html
D371: https://rosstat.gov.ru/storage/mediabank/41_22-03-2023.html
N393: =[1]Индексы!B18 -> 2012

Sheet Итого
I3: Приложение 4
D4: ЛОТ 4
C6: ПП № | D6: Наименование | E6: Единица измерения | F6: Количество, шт. | G6: Дата постановки на баланс / Дата приобретения | H6: Рыночная стоимость с учетом износа, руб. с НДС и перехода на вторичный рынок | I6: Рыночная стоимость с учетом износа, руб. без НДС и перехода на вторичный рынок
C7: 475 | D7: Фильтр FA-11 | E7: шт | F7: 1 | G7: 43465 | H7: =ROUND(РАсчеты!S481,0) -> 11718 | I7: =H7/1.2 -> 9765
C8: 476 | D8: Фильтр FA-7 | E8: шт | F8: 1 | G8: 43465 | H8: =ROUND(РАсчеты!S482,0) -> 12413 | I8: =H8/1.2 -> 10344.167
C9: 477 | D9: Фильтр FB-14 | E9: шт | F9: 2 | G9: 43465 | H9: =ROUND(РАсчеты!S483,0) -> 12620 | I9: =H9/1.2 -> 10516.667
C10: 478 | D10: Фильтр FB-7 | E10: шт | F10: 1 | G10: 43465 | H10: =ROUND(РАсчеты!S484,0) -> 54118 | I10: =H10/1.2 -> 45098.333
C11: 479 | D11: Фильтр FC-3 | E11: шт | F11: 4 | G11: 43465 | H11: =ROUND(РАсчеты!S485,0) -> 19404 | I11: =H11/1.2 -> 16170
C12: 480 | D12: Фильтр FC-7 | E12: шт | F12: 1 | G12: 43465 | H12: =ROUND(РАсчеты!S486,0) -> 9047 | I12: =H12/1.2 -> 7539.1667
C13: 481 | D13: Частотный преобраз.FC051P15KT4E20H3BXCXXXSXXX(15kW) | E13: м | F13: 1 | G13: 44594 | H13: =ROUND(РАсчеты!S487,0) -> 8918 | I13: =H13/1.2 -> 7431.6667
C14: 482 | D14: Частотный преобраз.моментум мТ100-018-4-000 (18,5 kW) | E14: м | F14: 1 | G14: 44594 | H14: =ROUND(РАсчеты!S488,0) -> 37034 | I14: =H14/1.2 -> 30861.667
C15: 483 | D15: Шильдик 9705 А/5/10 B (04.242.5053.0) | E15: шт | F15: 1 | G15: 44594 | H15: =ROUND(РАсчеты!S489,0) -> 752 | I15: =H15/1.2 -> 626.66667
C16: 484 | D16: Шильдик 9705 А/5/10 B 31-40 (04.845.0453.0) | E16: шт | F16: 25 | G16: 44594 | H16: =ROUND(РАсчеты!S490,0) -> 248 | I16: =H16/1.2 -> 206.66667
C17: 485 | D17: Шильдик 9705 А/5/10 B 41-50 (04.845.0553.0) | E17: шт | F17: 25 | G17: 44594 | H17: =ROUND(РАсчеты!S491,0) -> 496 | I17: =H17/1.2 -> 413.33333
C18: 486 | D18: Шильдик 9705 А/5/10 B 51-60 (04.845.0653.0) | E18: шт | F18: 25 | G18: 44594 | H18: =ROUND(РАсчеты!S492,0) -> 248 | I18: =H18/1.2 -> 206.66667
... C21: 489 | D21: Шильдик 9705 А/5/10 B 81-90 (04.845.0953.0) | E21: шт | F21: 25 | G21: 44594 | H21: =ROUND(РАсчеты!S495,0) -> 2055 | I21: =H21/1.2 -> 1712.5
C22: 514 | D22: 25,4-35-900-0,3-11/11-м42х2/м42х2-Т1 | E22: шт | F22: 5 | H22: =ROUND(РАсчеты!S520,0) -> 4521 | I22: =H22/1.2 -> 3767.5
C23: 515 | D23: ABB 1SDA066137R1 независимый расцепитель | E23: шт | F23: 4 | H23: =ROUND(РАсчеты!S521,0) -> 5881 | I23: =H23/1.2 -> 4900.8333
C24: 516 | D24: ABB AF52-30-00-13 1SBL367001R1300 контактор | E24: шт | F24: 1 | H24: =ROUND(РАсчеты!S522,0) -> 10396 | I24: =H24/1.2 -> 8663.3333
C25: 517 | D25: ABB K6-22Z-80 (GJH211001R8220) мини контактор | E25: шт | F25: 4 | H25: =ROUND(РАсчеты!S523,0) -> 8204 | I25: =H25/1.2 -> 6836.6667
C26: 518 | D26: CAMERON CAMSERV PARTS AAP1401435-01233 | E26: шт | F26: 15 | H26: =ROUND(РАсчеты!S524,0) -> 285922 | I26: =H26/1.2 -> 238268.33
C27: 519 | D27: Camozzi 2530 1/2-1/4 | E27: шт | F27: 7 | H27: =ROUND(РАсчеты!S525,0) -> 1395 | I27: =H27/1.2 -> 1162.5
C28: 520 | D28: Camozzi N12-04-R01 | E28: шт | F28: 1 | H28: =ROUND(РАсчеты!S526,0) -> 2479 | I28: =H28/1.2 -> 2065.8333
C29: 521 | D29: Camozzi датчик MA34N-15-02 | E29: шт | F29: 4 | H29: =ROUND(РАсчеты!S527,0) -> 26051 | I29: =H29/1.2 -> 21709.167
C30: 522 | D30: Camozzi мХ/-2-1/2 | E30: шт | F30: 4 | H30: =ROUND(РАсчеты!S528,0) -> 43056 | I30: =H30/1.2 -> 35880
C31: 523 | D31: EKF КмЭ-9511 95А 380В | E31: шт | F31: 2 | H31: =ROUND(РАсчеты!S529,0) -> 5978 | I31: =H31/1.2 -> 4981.6667
C32: 524 | D32: FBS 2-6 3030336 | E32: шт | F32: 20 | H32: =ROUND(РАсчеты!S530,0) -> 541 | I32: =H32/1.2 -> 450.83333
C33: 525 | D33: FESTO m56 | E33: шт | F33: 1 | H33: =ROUND(РАсчеты!S531,0) -> 10615 | I33: =H33/1.2 -> 8845.8333
... C53: 545 | D53: legrand 37100 Клемма 2,5мм2 синяя | E53: шт | F53: 120 | H53: =ROUND(РАсчеты!S551,0) -> 5323 | I53: =H53/1.2 -> 4435.8333
C54: 546 | D54: Legrand 6 665 19 | E54: шт | F54: 200 | G54: 44594 | H54: =ROUND(РАсчеты!S552,0) -> 295 | I54: =H54/1.2 -> 245.83333
C55: 547 | D55: LEGRAND MPX32S (417304) авт защиты двиг-ля | E55: шт | F55: 2 | H55: =ROUND(РАсчеты!S553,0) -> 8133 | I55: =H55/1.2 -> 6777.5
C56: 548 | D56: Nerson VDL 46 | E56: л | F56: 30 | H56: =ROUND(РАсчеты!S554,0) -> 143023 | I56: =H56/1.2 -> 119185.83
C57: 549 | D57: Nerson VDL 68 | E57: боч | F57: 2 | H57: =ROUND(РАсчеты!S555,0) -> 285216 | I57: =H57/1.2 -> 237680
C58: 550 | D58: Phoenix contact Subcon 9/F-SH 2761499Шинный штекер | E58: шт | F58: 4 | H58: =ROUND(РАсчеты!S556,0) -> 16378 | I58: =H58/1.2 -> 13648.333
C59: 551 | D59: RB115-2lijt. RB140 | E59: шт | F59: 1 | H59: =ROUND(РАсчеты!S557,0) -> 9827 | I59: =H59/1.2 -> 8189.1667
C60: 710 | D60: Бондаж CF12-16 470 | E60: шт | F60: 1 | H60: =ROUND(РАсчеты!S716,0) -> 2 | I60: =H60/1.2 -> 1.6666667
C61: 711 | D61: Бондаж ДУ320 мет | E61: шт | F61: 1 | H61: =ROUND(РАсчеты!S717,0) -> 261 | I61: =H61/1.2 -> 217.5
C62: 712 | D62: Бумага А3 | E62: упак | F62: 13 | H62: =ROUND(РАсчеты!S718,0) -> 5713 | I62: =H62/1.2 -> 4760.8333
C63: 713 | D63: Вент.канал металлический | E63: шт | F63: 50 | H63: =ROUND(РАсчеты!S719,0) -> 10782 | I63: =H63/1.2 -> 8985
C64: 714 | D64: Вентилятор S4D315-AP10-30 230/400v 50/60Hz 85/110W 1420/1620 об/мин с решёткой | E64: шт | F64: 1 | H64: =ROUND(РАсчеты!S720,0) -> 17188 | I64: =H64/1.2 -> 14323.333
C65: 715 | D65: Вентилятор S4D350 - BN08-31 | E65: шт | F65: 1 | H65: =ROUND(РАсчеты!S721,0) -> 30950 | I65: =H65/1.2 -> 25791.667
C66: 716 | D66: Вентилятор ebmpapst A4D350-AR06-01 230/400v 50/60Hz 135/185W 1420/1620 об/мин | E66: шт | F66: 3 | H66: =ROUND(РАсчеты!S722,0) -> 51565 | I66: =H66/1.2 -> 42970.833
C67: 717 | D67: Вентилятор ebmpapst A4E315-AP18-02 230v 50/60Hz 105/120W 1420/1620 об/мин | E67: шт | F67: 1 | H67: =ROUND(РАсчеты!S723,0) -> 11780 | I67: =H67/1.2 -> 9816.6667
C68: 718 | D68: Вентилятор ebmpapst R2E250-RA50-09 230v 50Hz 210W | E68: шт | F68: 2 | H68: =ROUND(РАсчеты!S724,0) -> 47861 | I68: =H68/1.2 -> 39884.167
C69: 719 | D69: Вентилятор S4D400 - AP12-04 | E69: шт | F69: 5 | H69: =ROUND(РАсчеты!S725,0) -> 121109 | I69: =H69/1.2 -> 100924.17
C70: 720 | D70: Вентилятор ВО-12-303-4 | E70: шт | F70: 3 | H70: =ROUND(РАсчеты!S726,0) -> 10885 | I70: =H70/1.2 -> 9070.8333
C71: 721 | D71: Вентилятор с фильтром NSYCAG125LPF | E71: шт | F71: 1 | H71: =ROUND(РАсчеты!S727,0) -> 4563 | I71: =H71/1.2 -> 3802.5
... C108: 758 | D108: Вставка под предохранитель UT6 HESI (63х32) | E108: шт | F108: 40 | H108: =ROUND(РАсчеты!S764,0) -> 35493 | I108: =H108/1.2 -> 29577.5
C109: 1344 | D109: Сепаратор 11102/2 | E109: шт | F109: 1 | H109: =ROUND(РАсчеты!S1350,0) -> 3654 | I109: =H109/1.2 -> 3045
C110: 1345 | D110: Сепаратор 1621938599 | E110: шт | F110: 1 | H110: =ROUND(РАсчеты!S1351,0) -> 50614 | I110: =H110/1.2 -> 42178.333
C111: 1346 | D111: Сепаратор 18060 24х1,5 20бар 120гр. Диам. 98мм высота 170мм | E111: шт | F111: 1 | H111: =ROUND(РАсчеты!S1352,0) -> 3919 | I111: =H111/1.2 -> 3265.8333
C112: 1347 | D112: Сепаратор 212.03382 | E112: шт | F112: 1 | H112: =ROUND(РАсчеты!S1353,0) -> 8612 | I112: =H112/1.2 -> 7176.6667
C113: 1348 | D113: Сепаратор 212.03485 | E113: шт | F113: 1 | H113: =ROUND(РАсчеты!S1354,0) -> 59668 | I113: =H113/1.2 -> 49723.333
C114: 1349 | D114: Сепаратор 222-0356 | E114: шт | F114: 1 | H114: =ROUND(РАсчеты!S1355,0) -> 13873 | I114: =H114/1.2 -> 11560.833
C115: 1350 | D115: Сепаратор 40930553101 | E115: шт | F115: 1 | H115: =ROUND(РАсчеты!S1356,0) -> 3919 | I115: =H115/1.2 -> 3265.8333
C116: 1351 | D116: Сепаратор 427900041016 ND(N84220) Е40-150 | E116: шт | F116: 1 | H116: =ROUND(РАсчеты!S1357,0) -> 3559 | I116: =H116/1.2 -> 2965.8333
C117: 1352 | D117: Сепаратор 5006 | E117: шт | F117: 4 | H117: =ROUND(РАсчеты!S1358,0) -> 18561 | I117: =H117/1.2 -> 15467.5
C118: 1353 | D118: Сепаратор BENADATI MS 111/S (25.1.50) | E118: шт | F118: 2 | H118: =ROUND(РАсчеты!S1359,0) -> 7119 | I118: =H118/1.2 -> 5932.5
C119: 1354 | D119: Сепаратор CECCATO DRE 150 (SF SAO 59460) | E119: шт | F119: 2 | H119: =ROUND(РАсчеты!S1360,0) -> 7838 | I119: =H119/1.2 -> 6531.6667
C120: 1355 | D120: Сепаратор DB2132 | E120: шт | F120: 2 | H120: =ROUND(РАсчеты!S1361,0) -> 8953 | I120: =H120/1.2 -> 7460.8333
... C133: 1368 | D133: Сепартор Д70-60,1,+601 | E133: шт | F133: 7 | H133: =ROUND(РАсчеты!S1374,0) -> 197186 | I133: =H133/1.2 -> 164321.67
C134: 1433 | D134: Фильтр 121304401 | E134: шт | F134: 1 | H134: =ROUND(РАсчеты!S1439,0) -> 6056 | I134: =H134/1.2 -> 5046.6667
C135: 1434 | D135: Фильтр Evroelement EE112600 | E135: шт | F135: 1 | H135: =ROUND(РАсчеты!S1440,0) -> 2947 | I135: =H135/1.2 -> 2455.8333
C136: 1435 | D136: Фильтр FAR137 | E136: шт | F136: 1 | H136: =ROUND(РАсчеты!S1441,0) -> 6870 | I136: =H136/1.2 -> 5725
C137: 1436 | D137: Фильтр FR-1,7 | E137: шт | F137: 1 | H137: =ROUND(РАсчеты!S1442,0) -> 2945 | I137: =H137/1.2 -> 2454.1667
C138: 1437 | D138: Фильтр FT80 | E138: шт | F138: 2 | H138: =ROUND(РАсчеты!S1443,0) -> 3685 | I138: =H138/1.2 -> 3070.8333
C139: 1438 | D139: Фильтр TS018-1850 | E139: шт | F139: 1 | H139: =ROUND(РАсчеты!S1444,0) -> 5800 | I139: =H139/1.2 -> 4833.3333
C140: 1439 | D140: Фильтр TS030 | E140: шт | F140: 1 | H140: =ROUND(РАсчеты!S1445,0) -> 8935 | I140: =H140/1.2 -> 7445.8333
C141: 1440 | D141: Фильтр TS080 | E141: шт | F141: 1 | H141: =ROUND(РАсчеты!S1446,0) -> 4807 | I141: =H141/1.2 -> 4005.8333
C142: 1441 | D142: Фильтр АР30427 | E142: шт | F142: 2 | H142: =ROUND(РАсчеты!S1447,0) -> 3954 | I142: =H142/1.2 -> 3295
C143: 1442 | D143: Фильтр маслянный 09632 | E143: шт | F143: 1 | H143: =ROUND(РАсчеты!S1448,0) -> 400 | I143: =H143/1.2 -> 333.33333
C144: 1443 | D144: Фильтр С-1633/1 | E144: шт | F144: 1 | H144: =ROUND(РАсчеты!S1449,0) -> 983 | I144: =H144/1.2 -> 819.16667
C145: 1444 | D145: Фильтр ЭФВ 725,110,9560-20 | E145: шт | F145: 4 | H145: =ROUND(РАсчеты!S1450,0) -> 4264 | I145: =H145/1.2 -> 3553.3333
... C261: 1560 | D261: Фильтрэлемент Omega air CKL 194150 | E261: шт | F261: 1 | H261: =ROUND(РАсчеты!S1566,0) -> 15013 | I261: =H261/1.2 -> 12510.833
C262: 1719 | D262: Элемент C238-F12/3 (82578685/262428) | E262: шт | F262: 3 | H262: =ROUND(РАсчеты!S1725,0) -> 757 | I262: =H262/1.2 -> 630.83333
C263: 1720 | D263: Элемент C238-F12/3 (82698464/302656) | E263: шт | F263: 10 | H263: =ROUND(РАсчеты!S1726,0) -> 2525 | I263: =H263/1.2 -> 2104.1667
C264: 1721 | D264: Элемент AAP1401581-02197 | E264: шт | F264: 1 | H264: =ROUND(РАсчеты!S1727,0) -> 27440 | I264: =H264/1.2 -> 22866.667
C265: 1722 | D265: Элемент AAP3403893-00416 | E265: шт | F265: 2 | H265: =ROUND(РАсчеты!S1728,0) -> 54880 | I265: =H265/1.2 -> 45733.333
C266: 1723 | D266: Элемент фильтрующий MX2-F10 (82578685/262428) | E266: шт | F266: 4 | H266: =ROUND(РАсчеты!S1729,0) -> 15016 | I266: =H266/1.2 -> 12513.333
C267: 1724 | D267: Элемент фильтрующий MX2-F10 (82698464/302656) | E267: шт | F267: 5 | H267: =ROUND(РАсчеты!S1730,0) -> 18769 | I267: =H267/1.2 -> 15640.833
C268: 914 | D268: Корпус фильтра FAR16 | E268: шт | F268: 2 | H268: =ROUND([2]РАсчеты!S1181,0) -> 3194 | I268: =H268/1.2 -> 2661.6667
C269: 915 | D269: Корпус фильтра VIRGIS 15331 | E269: шт | F269: 9 | H269: =ROUND([2]РАсчеты!S1182,0) -> 3992 | I269: =H269/1.2 -> 3326.6667
C270: 991 | D270: микрофильтр тип АВ 901622060B | E270: шт | F270: 2 | H270: =ROUND([2]РАсчеты!S1258,0) -> 1808 | I270: =H270/1.2 -> 1506.6667
C271: 992 | D271: микрофильтр тип АВ 901622060C | E271: шт | F271: 3 | H271: =ROUND([2]РАсчеты!S1259,0) -> 8751 | I271: =H271/1.2 -> 7292.5
C272: 1343 | D272: Сепаратор 096170 | E272: шт | F272: 4 | H272: =ROUND([2]РАсчеты!S1609,0) -> 11 | I272: =H272/1.2 -> 9.1666667
C273: 1561 | D273: Фильтрэлемент КАмАЗ | E273: шт | F273: 3 | H273: 532 | I273: =H273/1.2 -> 443.33333
C274: 1562 | D274: Фильтэлемент б/н | E274: шт | F274: 5 | H274: 887 | I274: =H274/1.2 -> 739.16667
H275: =SUM(H7:H274) -> 8187398 | I275: =SUM(I7:I274) -> 6822831.7
